 Dungeon Crawl Stone Soup version 0.30-a0-862-g1aabd4f9c5 (webtiles) character file.

Game seed: 469790272084597314

2490185 oldriver the Invulnerable (level 27, 177/199 HPs)
             Began as a Gargoyle Chaos Knight on Mar 10, 2023.
             Was a Favourite Plaything of Xom.
             Escaped with the Orb
             ... and 4 runes!
             The game lasted 02:28:44 (64471 turns).

oldriver the Invulnerable (Gargoyle Chaos Knight)  Turns: 64471, Time: 02:28:45

Health: 177/199    AC: 65    Str: 28    XL:     27
Magic:  22/23      EV: 16    Int: 11    God:    Xom [...*..]
Gold:   3176       SH: 33    Dex:  8    Spells: 26/26 levels left

rFire   + + +      SeeInvis .    a - +8 trishula "Condemnation" {holy, anguish, *Noise Fly rN+}
rCold   + + .      Faith    .    F - +2 tower shield {AC+3}
rNeg    + + +      Spirit   +    S - +6 gold dragon scales
rPois   ∞          Reflect  .    M - +2 hat
rElec   +          Rampage  .    t - +2 ratskin cloak {*Rats rPois rN+ Str-1 Int-1 Dex+1}
rCorr   +                        L - +2 pair of gloves {hurl}
Will    ++++.                    s - +2 pair of boots of Indomitability {rElec rN+} Stlth
                                 y - brooch of Shielding {Spirit SH+8}
HPRegen 0.53/turn                b - ring of Shadows {Umbra +Inv Stlth+}
MPRegen 0.18/turn                G - ring "Bicaucoxu" {rF+ Will+ rCorr EV+5}

@: mighty, brilliant, resistant, flying, hasted, wreathed by umbra, invisible,
very quick
A: sickness immunity, AC +20, big wings, negative energy resistance 1,
electricity resistance, torment resistance 1, petrification resistance, horns 1,
camouflage 1, clumsy 1, deformed body, dopey 1, strong-willed 1, inability to
drink after injury 2, inability to read after injury 1
0: Orb of Zot
}: 4/15 runes: decaying, serpentine, silver, abyssal
a: Renounce Religion, Evoke Invisibility


You escaped.
You worshipped Xom.
You were a favourite toy of Xom.
You visited 10 branches of the dungeon, and saw 50 of its levels.
You visited the Abyss 1 time.
You also visited: Sewer, Bailey, Gauntlet, Volcano, Wizlab and Desolation.

You collected 9486 gold pieces.
You spent 6310 gold pieces at shops.

Inventory:

Hand Weapons
 a - the +8 trishula "Condemnation" (weapon) {holy, anguish, *Noise Fly rN+}
   (You bought it in a shop on level 1 of the Orcish Mines)

   rN:        It protects you from negative energy.
   Fly:       It grants you flight.
   *Noise:    It may make noises in combat.
 D - the +8 war axe of Wile {flame, Will+ SInv}
   (You took it off a minotaur in a Gauntlet)

   SInv:      It lets you see invisible.
   Will:      It increases your willpower.
 Y - the +7 hand crossbow "Hosojyfa" {heavy, rC- rN+++ Str+4 SInv}
   (You found it on level 3 of the Elven Halls)

   Str:       It affects your strength (+4).
   rC:        It makes you vulnerable to cold.
   rN:        It renders you almost immune to negative energy.
   SInv:      It lets you see invisible.
Missiles
 e - 16 javelins (quivered)
 x - 22 atropa-tipped darts
 H - 7 throwing nets
 N - 26 curare-tipped darts
Armour
 c - a +2 helmet of see invisible
 s - the +2 pair of boots of Indomitability (worn) {rElec rN+}
   (Xom gifted it to you on level 1 of the Elven Halls)

   rElec:     It insulates you from electricity.
   rN:        It protects you from negative energy.
 t - the +2 ratskin cloak (worn) {*Rats rPois rN+ Str-1 Int-1 Dex+1}
   (You found it in the Desolation of Salt)

   *Rats:     When the wearer is hurt, rats may emerge from it to assist them.
   Str:       It affects your strength (-1).
   Int:       It affects your intelligence (-1).
   Dex:       It affects your dexterity (+1).
   rPois:     It protects you from poison.
   rN:        It protects you from negative energy.
 F - a +2 tower shield of protection (worn)
 L - a +2 pair of gloves of hurling (worn)
 M - a +2 hat (worn)
 S - +6 gold dragon scales (worn)
Jewellery
 b - the ring of Shadows (left hand) {Umbra +Inv Stlth+}
   (You bought it in a shop on level 1 of the Elven Halls)

   [ring of stealth]

   Umbra:     It surrounds you with an aura of shadow, increasing your stealth
   and reducing the accuracy of all others within it.
   +Inv:      It lets you turn invisible.
   Stlth:     It makes you more stealthy.
 w - a ring of willpower
 y - the brooch of Shielding (around neck) {Spirit SH+8}
   (You bought it in a shop on level 1 of the Elven Halls)

   [amulet of guardian spirit]

   It causes incoming damage to be divided between your reserves of health and
   magic.
   SH:        It affects your SH (+8).
 G - the ring "Bicaucoxu" (right hand) {rF+ Will+ rCorr EV+5}
   (You took it off a deep elf high priest on level 3 of the Elven Halls)

   [ring of evasion]

   EV:        It affects your evasion (+5).
   rF:        It protects you from fire.
   rCorr:     It protects you from acid and corrosion.
   Will:      It increases your willpower.
 J - the ring of the Tortoise {AC+8}
   (You found it on level 2 of the Depths)

   [ring of protection]

   AC:        It affects your AC (+8).
 K - an amulet of regeneration
 W - a ring of protection from fire
 Z - the ring of the Everdark {Fire Str+4}
   (You found it on level 3 of the Elven Halls)

   [ring of fire]

   It enhances your fire magic.
   Str:       It affects your strength (+4).
   rF:        It protects you from fire.
   rC:        It makes you vulnerable to cold.
Wands
 j - a wand of roots (49)
 u - a wand of digging (22)
 B - a wand of paralysis (55)
 U - a wand of mindburst (7)
 V - a wand of flame (15)
Scrolls
 h - 4 scrolls of magic mapping
 l - 5 scrolls of summoning
 n - 9 scrolls of fear
 r - 2 scrolls of enchant weapon
 v - 16 scrolls of teleportation
 z - 33 scrolls of identify
 C - 2 scrolls of silence
 P - 8 scrolls of fog
 Q - 4 scrolls of blinking
 R - a scroll of enchant armour
 X - 7 scrolls of poison
Potions
 d - 7 potions of berserk rage
 f - 4 potions of brilliance
 i - 6 potions of invisibility
 k - 2 potions of haste
 m - a potion of resistance
 p - 5 potions of might
 q - 4 potions of heal wounds
 E - 4 potions of cancellation
 I - 18 potions of curing
 O - 6 potions of magic
Miscellaneous
 g - a condenser vane
 o - a phantom mirror (inert)
 A - a tin of tremorstones (2/2)
 T - a phial of floods


   Skills:
 O Level 27 Fighting
 - Level 14.0(16.8) Axes
 + Level 15.4(17.5) Polearms
 - Level 4.0 Throwing
 O Level 27 Armour
 - Level 14.0 Dodging
 O Level 27 Shields
 - Level 16.0 Evocations


You had 26 spell levels left.
You didn't know any spells.
Your spell library contained the following spells:

 Spells                   Type           Power      Damage    Failure   Level
 Apportation              Tloc           0%         N/A       90%         1
 Beastly Appendage        Tmut           0%         N/A       90%         1
 Foxfire                  Conj/Fire      0%         2x1d4     90%         1
 Freeze                   Ice            0%         1d3       90%         1
 Kiss of Death            Conj/Necr      0%         2d5       90%         1
 Magic Dart               Conj           0%         1d3       90%         1
 Sandblast                Erth           0%         2d4       90%         1
 Slow                     Hex            0%         N/A       90%         1
 Sting                    Tmut/Pois      0%         1d3       90%         1
 Summon Small Mammal      Summ           0%         N/A       90%         1
 Blink                    Tloc           0%         N/A       97%         2
 Ensorcelled Hibernation  Hex/Ice        0%         N/A       97%         2
 Lesser Beckoning         Tloc           0%         N/A       97%         2
 Momentum Strike          Conj/Tloc      0%         3d8       97%         2
 Passwall                 Tmut/Erth      0%         N/A       97%         2
 Poisonous Vapours        Pois/Air       0%         N/A       97%         2
 Searing Ray              Conj           0%         2d4       97%         2
 Static Discharge         Conj/Air       0%         2-2/arc   97%         2
 Wereblood                Tmut           0%         N/A       97%         2
 Call Canine Familiar     Summ           0%         N/A       99%         3
 Dazzling Flash           Conj/Hex       0%         N/A       99%         3
 Frozen Ramparts          Ice            0%         1d1       99%         3
 Gell's Gravitas          Tloc           0%         N/A       99%         3
 Hailstorm                Conj/Ice       0%         3d3       99%         3
 Ignite Poison            Fire/Tmut/Pois 0%         N/A       99%         3
 Kindle Blastsparks       Fire/Tloc/Air  0%         2d10      99%         3
 Mephitic Cloud           Conj/Pois/Air  0%         N/A       99%         3
 Ozocubu's Armour         Ice            0%         N/A       99%         3
 Portal Projectile        Hex/Tloc       0%         N/A       99%         3
 Spider Form              Tmut/Pois      0%         N/A       99%         3
 Stone Arrow              Conj/Erth      0%         3d7       99%         3
 Summon Guardian Golem    Hex/Summ       0%         N/A       99%         3
 Teleport Other           Tloc           0%         N/A       99%         3
 Tukima's Dance           Hex            0%         N/A       99%         3
 Vhi's Electric Charge    Tloc/Air       0%         N/A       99%         3
 Airstrike                Air            0%         2d(0-16)  100%        4
 Anguish                  Hex/Necr       0%         N/A       100%        4
 Animate Armour           Summ/Erth      0%         N/A       100%        4
 Dispel Undead            Necr           0%         3d6       100%        4
 Fulminant Prism          Conj/Hex       0%         3d5       100%        4
 Iskenderun's Mystic Bla  Conj/Tloc      0%         2d3       100%        4
 Leda's Liquefaction      Hex/Erth       0%         N/A       100%        4
 Manifold Assault         Tloc           0%         N/A       100%        4
 Olgreb's Toxic Radiance  Pois           0%         N/A       100%        4
 Passage of Golubria      Tloc           0%         N/A       100%        4
 Sticky Flame             Conj/Fire      0%         2d3       100%        4
 Summon Ice Beast         Ice/Summ       0%         N/A       100%        4
 Summon Lightning Spire   Summ/Air       0%         N/A       100%        4
 Agony                    Necr           0%         N/A       100%        5
 Arcjolt                  Conj/Air       0%         1d10      100%        5
 Blade Hands              Tmut           0%         N/A       100%        5
 Fireball                 Conj/Fire      0%         3d3       100%        5
 Freezing Cloud           Conj/Ice/Air   0%         6-21      100%        5
 Irradiate                Conj/Tmut      0%         3d11      100%        5
 Iskenderun's Battlesphe  Conj           0%         2d6       100%        5
 Lee's Rapid Deconstruct  Erth           0%         3d4*      100%        5
 Lightning Bolt           Conj/Air       0%         1d11      100%        5
 Summon Mana Viper        Hex/Summ       0%         N/A       100%        5
 Yara's Violent Unravell  Hex/Tmut       0%         3d3       100%        5
 Conjure Ball Lightning   Conj/Air       0%         3x3d6     100%        6
 Death Channel            Necr           0%         N/A       100%        6
 Iron Shot                Conj/Erth      0%         9d1       100%        6
 Starburst                Conj/Fire      0%         6d3       100%        6
 Enfeeble                 Hex            0%         N/A       100%        7
 Monstrous Menagerie      Summ           0%         N/A       100%        7
 Orb of Destruction       Conj           0%         9d5       100%        7
 Storm Form               Tmut/Air       0%         N/A       100%        7
 Borgnjor's Revivificati  Necr           0%         N/A       100%        8
 Ignition                 Fire           0%         3d3       100%        8
 Maxwell's Capacitive Co  Air            0%         ∞         100%        8
 Necromutation            Tmut/Necr      0%         N/A       100%        8
 Chain Lightning          Conj/Air       0%         N/A       100%        9
 Death's Door             Necr           0%         N/A       100%        9
 Fire Storm               Conj/Fire      0%         5d1       100%        9
 Shatter                  Erth           0%         3d5*      100%        9
 Cigotuvi's Dreadful Rot  Necr/Pois/Air  Unusable   N/A       N/A         2

Dungeon Overview and Level Annotations

Branches:
Dungeon (15/15)            Temple (0/1) D:6            Lair (5/5) D:10
  Swamp (4/4) Lair:2        Snake (4/4) Lair:2        Slime (0/5) Lair:4
    Orc (2/2) D:11            Elf (3/3) Orc:2        Vaults (5/5) D:14
  Crypt (3/3) Vaults:2       Tomb (0/3) Crypt:3      Depths (4/4) D:15
    Zot (5/5) Depths:4      Sewer (visited)          Bailey (visited)
Volcano (visited)          WizLab (visited)         Desolation (visited)
Gauntlet (visited)

Altars:
Ashenzari
Cheibriados
Dithmenos
Elyvilon
Fedhas
Gozag
Hepliaklqana
Kikubaaqudgha
Okawaru
Qazlal
Ru
Sif Muna
Trog
Uskayaw
Vehumet
Wu Jian
Xom
Yredelemnul
Jiyva

Shops:
D:7 (   Orc:1 [(::   Orc:2 [([??   Elf:1 =:=   Snake:1 (   Vaults:3 (
Vaults:5 (   Depths:2 [

Portals:
Hell: Depths:1 Depths:2 Depths:3 Depths:4
Abyss: Depths:3
Pandemonium: Depths:2
Ziggurat: Depths:4
Trove: Depths:2 (give 16 potions of curing)


Innate Abilities, Weirdness & Mutations

You are immune to sickness and miasma.
Your stone body is resilient. (AC +20)
You are immune to poison.
Your large and strong wings let you fly.
You resist negative energy. (rN+)
You are resistant to electric shocks. (rElec)
You are resistant to unholy torment.
You are immune to petrification.
You have a pair of small horns on your head.
Your skin changes colour to match your surroundings (Stealth+).
You are clumsy. (Dex -2)
Armour fits poorly on your strangely shaped body.
You are dopey. (Int -2)
You are strong-willed. (Will+)
You sometimes lose the ability to drink potions when taking damage.
You occasionally lose the ability to read scrolls when taking damage.


Message History

The daeva calls down the wrath of the Shining One upon you.
The Shining One smites you!
You feel protected.
You feel very mighty all of a sudden.
You fade into invisibility!
You feel clever all of a sudden.
The daeva calls down the wrath of the Shining One upon you.
The Shining One smites you!
Okay, then.
Aiming: Phantom Mirror
Press: ? - help, Dir - move target, f - daeva
Aim: a daeva, wielding a +5 scimitar of holy wrath and wearing a +0 tower shield (unable to see you, haloed)
You reflect the daeva with the mirror!
The mirror clouds!
Your daeva calls down the wrath of the Shining One upon the daeva.
The daeva is smitten.
You throw a javelin. The javelin pierces through the daeva!
The daeva is lightly wounded.
You throw a javelin.
The javelin hits the daeva and shatters for extra damage!
The daeva is moderately wounded.
Your daeva calls down the wrath of the Shining One upon the daeva.
The daeva is smitten.
You throw a javelin. The javelin pierces through the daeva.
The daeva is heavily wounded.
You throw a javelin.
The javelin pierces through the daeva but does no damage.
The daeva is heavily wounded.
You throw a javelin. The javelin pierces through the daeva!!
The daeva is heavily wounded.
You spit the daeva like a pig!!!
You kill the daeva!
Your condenser vane has recharged.
Aiming: Dig
Press: ? - help, Shift-Dir - straight line A rock wall.
This square is covered in magical glow.
The rock shatters into small pieces.
Your daeva shimmers and vanishes!
There is a staircase leading out of the dungeon here.
You have escaped!

.........###.###.###.###....# #.#
##....###.###.##.##.###.###.# #.#
##...)'###.##.##.##.##.###..# #.#
.....÷#.###.##.#.#.##.###...# #.#
......##.###.#.#.#.#.###.#.## #.#
......###..##.##.##.##..##..###.#
##....# ###..#.....#..#####..##.#
#....########.....#########.##..
######.........@.........#..####
########.....########.##
###..#.....#..####..#
##..##.##.##.##..##.##
##.###.#.#.#.#.###.#.##
##.###.##.#.#.##.###...# #
#.###.##.##.##.##.###..#####
####.###.##.##.###.##..#....
#..###.###.###.###...##.###


There were no monsters in sight!

Vanquished Creatures
  2 dread liches (Zot:5)
  4 ancient liches (Zot:5)
  6 orbs of fire
  A juggernaut (Depths:3)
  Josephina (Zot:2)
  Sojobo (Crypt:3)
  Bai Suzhen (Depths:1)
  4 Killer Klowns
  2 curse toes
  Boris (Vaults:5)
  A caustic shrike (Depths:2)
  7 golden dragons
  2 profane servitors (Crypt:3)
  Nikola (Swamp:2)
  A bone dragon (Depths:4)
  A shard shrike zombie (Crypt:3)
  4 Tzitzimimeh
  3 electric golems
  An Ice Fiend (D:15)
  19 tentacled monstrosities
  Rupert (D:15)
  4 deep elf master archers (Elf:3)
  2 liches
  4 titans (Vaults:5)
  25 Orb Guardians
  8 quicksilver dragons
  A deep elf blademaster (Elf:3)
  An Executioner (Depths:2)
  A titan (shapeshifter) (Depths:2)
  11 storm dragons
  9 ancient champions
  4 death cobs
  3 thorn hunters
  5 shadow dragons
  6 sphinxes
  9 tengu reavers
  2 revenants (Crypt:3)
  2 fenstrider witches
  5 draconian monks
  2 daevas
  6 frost giants
  2 nagarajas
  7 fire giants
  Aizul (Snake:3)
  3 draconian knights
  5 deep elf sorcerers (Elf:3)
  2 iron dragons
  A draconian stormcaller (Zot:1)
  2 orc warlords
  Louise (D:15)
  9 vault wardens
  A ghost moth (Zot:4)
  10 draconian shifters
  7 draconian scorchers
  3 ghouls
  4 curse skulls
  3 imperial myrmidons (Desolation)
  4 juggernaut skeletons (Depths:3)
  2 deep elf elementalists (Elf:3)
  3 draconian annihilators
  2 spriggan defenders (Depths:2)
  2 war gargoyles
  20 ironbound preservers
  24 very ugly things
  2 caustic shrike skeletons
  2 reapers
  6 vampire knights
  10 ironbound thunderhulks
  14 stone giants
  A quicksilver ooze (Swamp:1)
  4 deep elf demonologists
  11 green draconians
  3 eleionomae (Swamp:3)
  6 deep elf annihilators (Elf:3)
  14 yellow draconians
  12 dire elephants
  14 black draconians
  8 purple draconians
  2 minotaurs
  8 white draconians
  3 bunyips
  15 red draconians
  2 spark wasps (Depths:2)
  4 eidola
  11 ettins
  Snorg (D:13)
  9 deep elf death magi
  3 ragged hierophants (Desolation)
  3 mummy priests (Crypt:3)
  3 fire dragons
  6 crystal guardians
  A green death (Depths:2)
  A merfolk impaler (Abyss:4)
  A shambling mangrove (Swamp:4)
  13 jiangshi
  14 yaktaur captains
  7 ice dragons
  2 entropy weavers
  4 great orbs of eyes
  7 deep elf high priests
  24 peacekeepers
  3 rakshasas
  A quicksilver dragon skeleton (Crypt:3)
  32 vault guards
  5 salamander tyrants
  7 servants of whispers (Desolation)
  A catoblepas (Zot:2)
  23 hydras
  3 ogre magi
  A ghost crab (Swamp:2)
  A spriggan air mage (Depths:1)
  8 ironbound frosthearts
  3 centaur warriors
  A death knight (Crypt:3)
  2 spriggan skeletons (Crypt:1)
  10 anacondas
  3 alligators
  27 dancing weapons
  Erica (D:11)
  A bennu skeleton (Crypt:3)
  4 boulder beetles
  15 naga warriors
  9 tengu warriors
  9 two-headed ogres
  10 deep troll earth magi
  5 deep troll shamans
  12 hell hogs
  Urug (D:13)
  9 naga sharpshooters
  3 orc high priests (Orc:2)
  4 spriggan berserkers
  A skyshark (shapeshifter) (Depths:2)
  5 shock serpents
  5 sun demons
  6 vampire magi
  16 hell knights
  A titan skeleton (Depths:3)
  4 soul eaters
  21 deep elf knights
  A wretched star (Abyss:4)
  38 skeletal warriors
  15 iron trolls
  A sixfirhy (Depths:3)
  A fire crab (Depths:2)
  5 goliath frogs
  2 shadow wraiths
  4 salamander mystics
  A death drake (shapeshifter) (Depths:4)
  3 storm dragon skeletons
  A spatial maelstrom (Abyss:4)
  A sea snake (Vaults:3)
  11 naga ritualists
  14 deep elf archers
  An iron giant zombie (Crypt:3)
  8 lindwurms
  An anaconda skeleton (Crypt:2)
  12 bog bodies
  11 swamp dragons
  2 death drakes (Swamp:4)
  4 glowing orange brains
  10 wizards
  19 ironbound convokers
  2 golden dragon skeletons (Depths:3)
  An orb spider (shapeshifter) (Vaults:5)
  5 spriggan druids
  7 flayed ghosts
  16 phantasmal warriors
  A harpy (shapeshifter) (Vaults:4)
  10 harpies
  69 deep trolls
  A lindwurm (shapeshifter) (Vaults:5)
  8 necromancers
  A steelbarb worm (Snake:3)
  31 deep elf pyromancers
  14 deep elf zephyrmancers
  A mana viper (shapeshifter) (Vaults:5)
  13 mana vipers
  A wolf spider (Lair:4)
  14 orc knights
  42 ugly things
  A shadow dragon skeleton (Depths:3)
  2 will-o-the-wisps
  2 orc sorcerers
  28 moths of wrath
  4 cyclopes
  4 elephants
  2 fire giant skeletons (Depths:3)
  A frost giant skeleton (Depths:3)
  32 salamanders
  3 centaur zombies
  4 sphinx skeletons
  11 guardian serpents
  5 orange demons (D:10)
  16 vault sentinels
  An alligator snapping turtle zombie (Crypt:3)
  A dire elephant zombie (Crypt:2)
  14 naga magi
  8 gargoyles
  2 molten gargoyles (WizLab)
  2 smoke demons
  An unseen horror zombie (Crypt:3)
  30 black mambas
  A cane toad (shapeshifter) (Vaults:5)
  Maggie (D:7)
  15 cane toads
  A hellion (Depths:4)
  2 centaur skeletons (Crypt:2)
  A kobold demonologist (D:10)
  6 komodo dragons
  20 yaktaurs
  Psyche (D:11)
  3 freezing wraiths
  2 efreet
  2 tengu conjurers
  A ghost moth simulacrum (Zot:2)
  9 guardian mummies (Crypt:3)
  A hellwing (D:9)
  3 meliai
  7 trolls
  A bloated husk (Swamp:2)
  4 red devils
  A large abomination (Abyss:4)
  7 tyrant leeches
  A harpy skeleton (Crypt:3)
  19 hornets
  Grinder (D:3)
  62 saltlings (Desolation)
  A tarantella (Vaults:1)
  27 blink frogs
  5 raiju
  2 blink frogs (shapeshifter)
  A death drake skeleton (Crypt:1)
  A raiju (shapeshifter) (Snake:2)
  A draconian simulacrum (Zot:2)
  A snapping turtle (D:14)
  15 flying skulls (Depths:3)
  22 spriggans
  A spriggan (shapeshifter) (Vaults:5)
  A ynoxinul (Abyss:4)
  2 culicivoras (Vaults:2)
  63 slime creatures
  6 air elementals
  3 ushabtiu (Crypt:3)
  9 water elementals
  A human (shapeshifter) (D:14)
  21 fire elementals
  6 wraiths
  A vampire (D:11)
  8 wyverns
  5 fire bats (Volcano)
  Sigmund (D:3)
  33 yaks
  A chaos spawn (Abyss:4)
  6 basilisks
  7 steam dragons
  14 vampire mosquitoes
  4 redbacks
  A harpy simulacrum (Crypt:1)
  46 nagas
  4 wargs
  An acid dragon (D:12)
  Edmund (D:4)
  15 swamp worms
  12 water moccasins
  A two-headed ogre skeleton (Crypt:3)
  2 naga skeletons
  A floating eye (Depths:3)
  4 black bears
  2 ice beasts
  A glowing shapeshifter skeleton (Depths:3)
  A swamp dragon zombie (Crypt:2)
  10 swamp drakes
  31 orc warriors
  12 ogres
  16 centaurs
  10 wolves
  A phantom (D:7)
  10 kobold brigands
  Blork the orc (D:4)
  2 gnoll sergeants
  9 bullfrogs
  3 scorpions
  An elf skeleton (Crypt:1)
  2 rime drake skeletons
  A cyclops skeleton (Crypt:3)
  7 wights
  A yaktaur skeleton (Crypt:3)
  6 earth elementals
  A shapeshifter zombie (Crypt:3)
  16 killer bees
  6 electric eels
  6 howler monkeys
  2 lava snakes (D:7)
  6 hounds
  40 orc priests
  3 jellies
  A basilisk zombie (Crypt:3)
  A sleepcap (D:3)
  A gnoll bouda (D:6)
  4 iguanas
  Natasha (thrice) (D:2)
  A black bear skeleton (Crypt:1)
  6 hell rats (Lair:3)
  18 orc wizards
  2 lightning spires (WizLab)
  A boggart zombie (Crypt:1)
  An ogre zombie (Crypt:1)
  A sky beast zombie (Crypt:2)
  A hound zombie (Crypt:2)
  Robin (D:3)
  9 gnolls
  8 river rats
  A steam dragon zombie (Crypt:1)
  13 adders
  A swamp drake zombie (Crypt:1)
  2 white imps
  A lava snake zombie (Crypt:3)
  A worm zombie (Crypt:1)
  6 worms
  2 dart slugs
  74 orcs
  13 ball pythons
  A bat skeleton (Crypt:2)
  7 endoplasms
  2 giant cockroaches (D:3)
  21 goblins
  4 hobgoblins
  14 jackals
  3 quokkas
  7 bats
  2 frilled lizards
  37 kobolds
  20 rats
  A rat skeleton (Crypt:1)
  2 briar patches
2423 creatures vanquished.

Vanquished Creatures (collateral kills)
  A death cob (Zot:4)
  A shadow dragon (Vaults:5)
  2 storm dragons
  A vault warden (Vaults:5)
  A draconian scorcher (Zot:4)
  An imperial myrmidon (Desolation)
  An ironbound thunderhulk (Vaults:5)
  2 deep elf demonologists (Elf:3)
  A green draconian (Zot:4)
  An ettin (Vaults:5)
  A deep elf death mage (Vaults:5)
  An entropy weaver (Vaults:1)
  A servant of whispers (Desolation)
  A salamander tyrant (Snake:4)
  A boulder beetle (Vaults:2)
  2 dancing weapons (Elf:2)
  2 two-headed ogres (Volcano)
  A deep troll shaman (Depths:1)
  A deep troll earth mage (Vaults:5)
  2 orc high priests (Orc:2)
  A deep elf knight (Elf:2)
  2 skeletal warriors (D:10)
  2 deep elf pyromancers
  A wizard (Vaults:1)
  An ironbound convoker (Desolation)
  A deep elf zephyrmancer (Elf:2)
  An orc knight (Orc:2)
  A manticore (D:15)
  2 ugly things
  3 salamanders
  A yaktaur (Vaults:5)
  A freezing wraith (Vaults:5)
  2 komodo dragons
  A red devil (D:10)
  4 blink frogs
  A hornet (Depths:2)
  A saltling (Desolation)
  A spriggan (Depths:2)
  3 wyverns (Volcano)
  2 steam dragons (Volcano)
  A redback (Vaults:1)
  A vampire mosquito (Lair:5)
  2 nagas
  3 orc warriors (Orc:2)
  A bullfrog (Lair:5)
  An orc priest (Orc:2)
  An orc wizard (D:3)
  2 orcs
  2 endoplasms (D:2)
  A goblin (D:3)
72 creatures vanquished.

Vanquished Creatures (others)
  2 curse toes
  2 golden dragons
  An Orb Guardian (Zot:5)
  A quicksilver dragon (Zot:3)
  2 titans
  A deep elf blademaster (Elf:3)
  An ancient champion (Crypt:3)
  A sphinx (Crypt:3)
  A thorn hunter (Swamp:2)
  2 tengu reavers
  A fenstrider witch (Swamp:4)
  2 nagarajas
  3 fire giants
  A draconian knight (Zot:3)
  A vault warden (Vaults:5)
  An imperial myrmidon (Desolation)
  A draconian scorcher (Zot:1)
  A curse skull (Crypt:3)
  A ghoul (Crypt:3)
  A draconian annihilator (Zot:4)
  A very ugly thing (Vaults:3)
  A draconian stormcaller (Zot:3)
  A green draconian (Zot:2)
  A dire elephant (Vaults:1)
  A vampire knight (Crypt:2)
  A black draconian (Zot:3)
  A yellow draconian (Zot:2)
  A purple draconian (Zot:3)
  A red draconian (Zot:2)
  2 deep elf annihilators (Elf:3)
  A blizzard demon (Abyss:4)
  2 deep elf high priests
  A salamander tyrant (Snake:4)
  4 hydras
  An ice dragon (Depths:2)
  A servant of whispers (Desolation)
  A vault guard (Vaults:5)
  An anaconda (Snake:1)
  A centaur warrior (D:15)
  7 dancing weapons
  2 shock serpents
  A deep troll earth mage (Depths:1)
  A spriggan berserker (Swamp:4)
  A hell knight (Depths:2)
  3 deep elf knights (Elf:2)
  A skeletal warrior (D:10)
  An iron troll (Depths:3)
  A salamander mystic (Snake:4)
  2 spriggan druids
  2 goliath frogs
  A naga ritualist (Snake:1)
  3 bog bodies
  3 deep elf archers
  6 deep elf pyromancers
  2 harpies (Vaults:2)
  A lindwurm (Vaults:4)
  2 ironbound convokers
  5 deep elf zephyrmancers
  An orc knight (Vaults:2)
  A mana viper (Snake:1)
  3 ugly things
  3 salamanders
  5 black mambas
  A guardian serpent (Snake:4)
  A cane toad (Lair:5)
  A komodo dragon (D:13)
  A golden dragon simulacrum (Zot:2)
  A ghost moth simulacrum (Zot:2)
  2 tyrant leeches (Swamp:1)
  A harpy skeleton (Crypt:1)
  4 bloated husks
  A meliai (D:14)
  4 hornets
  A centaur simulacrum (D:14)
  4 spriggans
  3 fire elementals (Zot:2)
  A warg (D:10)
  A naga (Snake:1)
  2 orc warriors (Orc:2)
  An ogre (D:12)
  A necrophage (Crypt:1)
  An orc wizard (D:3)
  A mummy (Crypt:3)
  A gnoll (D:8)
  A kobold (D:10)
  A quokka (D:4)
  6 briar patches
  5 demonic plants (Gauntlet)
  4 foxfires (Swamp:4)
  22 fungi
  146 plants
  6 starspawn tentacles (Abyss:4)
334 creatures vanquished.

Grand Total: 2829 creatures vanquished

Notes
Turn   | Place    | Note
-------+----------+-------------------------------------------
     0 | D:1      | oldriver the Gargoyle Chaos Knight began the quest for the
                  | Orb.
     0 | D:1      | Reached XP level 1. HP: 14/14 MP: 1/1
    82 | D:1      | Reached XP level 2. HP: 16/19 MP: 2/2
   203 | D:1      | Got the Essays on Icy Blasting
   303 | D:1      | XOM: butterfly on damage
   346 | D:1      | XOM: divination: magic mapping
   428 | D:1      | You fall into a shaft and drop 1 floor!
   695 | D:2      | XOM: silly message
   709 | D:2      | Found a shimmering blue altar of Sif Muna.
   710 | D:2      | Noticed Natasha
   718 | D:2      | XOM: fog
   719 | D:2      | XOM: summons 2 hostile demons
   723 | D:2      | HP: 1/28 [quasit[Xom] (1)]
   727 | D:2      | XOM: cast spell 'Discord'
   742 | D:2      | Killed Natasha
   743 | D:2      | Reached XP level 3. HP: 13/24 MP: 3/3
   753 | D:2      | XOM: god gift: ring mail {god gift}
   812 | D:2      | Reached XP level 4. HP: 29/29 MP: 4/4
  1023 | D:1      | XOM: scenery: summon butterflies
  1510 | D:2      | Noticed a golden eye
  1512 | D:2      | Found a faded altar of an unknown god.
  1526 | D:2      | Noticed a shining eye
  1533 | D:2      | Noticed a shining eye
  1533 | D:2      | Noticed a floating eye
  1540 | D:2      | Noticed Natasha
  1541 | D:2      | XOM: divination: detect items
  1551 | D:2      | Killed Natasha
  1731 | D:2      | XOM: noise
  1744 | D:2      | Noticed Natasha
  1752 | D:2      | Killed Natasha
  1753 | D:2      | Reached XP level 5. HP: 16/34 MP: 5/5
  1891 | D:2      | XOM: god gift: dagger {god gift}
  2070 | D:2      | XOM: cloud trail
  2193 | D:3      | Found a radiant altar of Vehumet.
  2272 | D:3      | Found a glowing drain.
  2279 | D:3      | XOM: enchant monster (good)
  2319 | Sewer    | Entered a sewer
  2345 | Sewer    | Reached skill level 5 in Axes
  2488 | Sewer    | Reached XP level 6. HP: 40/40 MP: 6/6
  2774 | Sewer    | Reached skill level 5 in Fighting
  2925 | Sewer    | XOM: confusion (+ monsters)
  2932 | Sewer    | XOM: scenery: create altars
  2943 | Sewer    | Reached XP level 7. HP: 27/44 MP: 7/7
  3087 | Sewer    | XOM: god gift: polished plate armour {god gift}
  3087 | Sewer    | Identified the +5 plate armour of Xom's Regard {rPois Str+4
                  | Dex-3 Stlth+} (Xom gifted it to you in a sewer)
  3314 | D:3      | Noticed Sigmund
  3325 | D:3      | XOM: summons 2 friendly demons
  3332 | D:3      | Killed Sigmund
  3519 | D:3      | Identified the +10 hand axe "Puwemev" {spect, rElec rF+
                  | Str+5 Int-5}
  3534 | D:3      | Noticed Robin
  3548 | D:3      | Killed Robin
  3722 | D:3      | XOM: summons 4 hostile demons
  3786 | D:3      | XOM: god gift: 5 stones
  3791 | D:3      | XOM: silly message
  3971 | D:3      | Found an opulent altar of Gozag.
  4135 | D:3      | XOM: give mutation
  4135 | D:3      | Gained mutation: You are clumsy. (Dex -2) [Xom's mischief]
  4146 | D:4      | Noticed Blork the orc
  4147 | D:4      | XOM: enchant monster (good)
  4151 | D:4      | Killed Blork the orc
  4152 | D:4      | Reached skill level 1 in Dodging
  4197 | D:4      | Found a white marble altar of Elyvilon.
  4457 | D:4      | Noticed Edmund
  4510 | D:4      | Noticed Grinder
  4513 | D:4      | Reached XP level 8. HP: 51/51 MP: 8/8
  4519 | D:3      | Killed Grinder
  4658 | D:4      | Killed Edmund
  4897 | D:5      | Entered Level 5 of the Dungeon
  5097 | D:4      | XOM: draining
  5150 | D:5      | Reached XP level 9. HP: 56/57 MP: 9/9
  5543 | D:6      | XOM: 1-stop teleportation journey
  5686 | D:6      | XOM: god gift: staff of death
  5700 | D:6      | XOM: 2-stop teleportation journey
  5741 | D:6      | XOM: silly message
  5801 | D:6      | Found a staircase to the Ecumenical Temple.
  5836 | D:6      | Noticed a troll
  5841 | D:6      | Killed a troll
  5907 | D:6      | Reached skill level 5 in Armour
  6219 | D:6      | Found a shimmering altar of Xom.
  6279 | D:6      | XOM: summons 4 hostile shadow creatures
  6315 | D:6      | XOM: give mutations
  6315 | D:6      | Gained mutation: You occasionally shout uncontrollably at
                  | your foes. [Xom's mischief]
  6315 | D:6      | Lost mutation: You are clumsy. (Dex -2) [Xom's mischief]
  6315 | D:6      | Gained mutation: You occasionally lose the ability to read
                  | scrolls when taking damage. [Xom's mischief]
  6427 | D:6      | XOM: stat loss: -1 Int (7/8)
  6487 | D:7      | Noticed Maggie
  6498 | D:7      | Killed Maggie
  6541 | D:7      | XOM: summons 2 hostile shadow creatures
  6616 | D:7      | Found an ornate altar of the Wu Jian Council.
  6657 | D:7      | XOM: polymorph orc wizard -> steam dragon
  6664 | D:7      | Reached XP level 10. HP: 54/65 MP: 10/10
  6668 | D:7      | XOM: polymorph orc -> gnoll
  6670 | D:7      | Reached skill level 10 in Axes
  6708 | D:7      | XOM: confusion
  6795 | D:7      | Found a hide-covered altar of Uskayaw.
  6881 | D:7      | Found a broken altar of Ashenzari.
  6899 | D:7      | Found Sachicor's Antique Weapon Boutique.
  6907 | D:7      | Bought a runed broad axe for 203 gold pieces
  6916 | D:7      | XOM: scenery: create altars
  7055 | D:7      | XOM: cloud trail
  7200 | D:8      | Found a hazy altar of Hepliaklqana.
  7279 | D:8      | XOM: summons friendly white imp
  7292 | D:8      | XOM: polymorph white imp -> ufetubus
  7354 | D:8      | XOM: scenery: 3 doors open, 1 doors close
  7534 | D:8      | Found a snail-covered altar of Cheibriados.
  7743 | D:9      | XOM: noise
  7773 | D:9      | Found a flagged portal.
  7778 | Bailey   | Entered a bailey
  7880 | Bailey   | XOM: summons friendly iron imp
  8046 | Bailey   | Found a bloodstained altar of Trog.
  8145 | D:9      | Reached XP level 11. HP: 72/72 MP: 11/11
  8255 | D:9      | Reached skill level 10 in Fighting
  8262 | D:9      | Reached skill level 1 in Throwing
  8279 | D:9      | XOM: divination: detect creatures
  8361 | D:9      | XOM: divination: magic mapping
  8447 | D:9      | Noticed a two-headed ogre
  8452 | D:9      | Killed a two-headed ogre
  8551 | D:9      | Got the Volume of Assaults
  8552 | D:9      | Found a stormy altar of Qazlal.
  8737 | D:10     | Entered Level 10 of the Dungeon
  8743 | D:10     | Identified the +1 ring mail of the Snake Pit {rC+ Str-4
                  | Int+4 Stlth+}
  8749 | D:10     | XOM: divine lightning
  8764 | D:9      | XOM: scenery: create altars
  8902 | D:10     | Found a staircase to the Lair.
  8940 | D:10     | XOM: divination: magic mapping
  9151 | D:10     | XOM: scenery: create altars
  9182 | D:10     | Found a shadowy altar of Dithmenos.
  9267 | D:10     | XOM: give mutations
  9267 | D:10     | Gained mutation: Your mind is acute. (Int +4, Str/Dex -1)
                  | [Xom's grace]
  9267 | D:10     | Gained mutation: You are agile. (Dex +4, Str/Int -1) [Xom's
                  | grace]
  9435 | D:10     | XOM: cleaving
  9438 | D:10     | XOM: summons 7 friendly demons
  9443 | D:10     | Noticed a skeletal warrior
  9449 | D:10     | Killed a skeletal warrior
  9453 | D:10     | Noticed a skeletal warrior
  9454 | D:10     | Noticed a skeletal warrior
  9464 | D:10     | Killed a skeletal warrior
  9467 | D:10     | Killed a skeletal warrior
  9497 | D:10     | XOM: give mutations
  9497 | D:10     | Gained mutation: You are partially covered in iridescent
                  | scales. (AC +2) [Xom's grace]
  9497 | D:10     | Gained mutation: You have a pair of small horns on your
                  | head. [Xom's grace]
  9507 | D:10     | XOM: scenery: summon butterflies
  9525 | D:10     | Noticed a sixfirhy
  9525 | D:10     | XOM: god gift: 55 gold pieces
  9580 | D:10     | XOM: divination: magic mapping
  9580 | D:10     | Noticed a skeletal warrior
  9583 | D:10     | XOM: potion effect (haste)
  9598 | D:10     | Killed a skeletal warrior
  9599 | D:10     | Reached XP level 12. HP: 46/79 MP: 12/12
 10062 | D:10     | XOM: cast spell 'Metabolic Englaciation'
 10265 | Lair:1   | Entered Level 1 of the Lair of Beasts
 10339 | Lair:1   | XOM is BORED!
 10339 | Lair:1   | XOM: polymorph black mamba -> spriggan
 10406 | Lair:1   | XOM: confusion (+ monsters)
 10412 | Lair:1   | XOM: summons friendly ufetubus
 10709 | Lair:1   | XOM: 2-stop teleportation journey
 11184 | Lair:1   | XOM: summons 1 hostile demon
 11238 | Lair:1   | XOM: give mutations
 11238 | Lair:1   | Gained mutation: You are weak. (Str -2) [Xom's mischief]
 11238 | Lair:1   | Lost mutation: You are weak. (Str -2) [Xom's mischief]
 11238 | Lair:1   | Gained mutation: Armour fits poorly on your strangely
                  | shaped body. [Xom's mischief]
 11279 | Lair:2   | XOM: noise
 11319 | Lair:2   | Found a staircase to the Snake Pit.
 11494 | Lair:2   | Identified the ring "Ceuzoq" {rPois Str+4}
 11500 | Lair:2   | XOM: divine lightning
 11511 | Lair:2   | Found a staircase to the Swamp.
 11511 | Lair:2   | XOM: smoke on damage
 11515 | Lair:2   | Reached skill level 1 in Evocations
 11557 | Lair:2   | Found a hide-covered altar of Uskayaw.
 11557 | Lair:2   | Noticed a boulder beetle
 11572 | Lair:2   | Killed a boulder beetle
 11573 | Lair:2   | Reached skill level 10 in Armour
 11582 | Lair:2   | XOM: summons 3 hostile shadow creatures
 11821 | Lair:2   | Found an ornate altar of the Wu Jian Council.
 12036 | Lair:2   | XOM: summons 2 hostile demons
 12038 | Lair:2   | XOM: polymorph iron imp -> quasit
 12359 | Lair:3   | XOM: cast spell 'Necromutation'
 12361 | Lair:3   | XOM: 2-stop teleportation journey
 12396 | Lair:3   | Identified the +2 leather armour of Nihilism {rElec Int+5}
 12764 | Lair:3   | Reached XP level 13. HP: 85/85 MP: 13/13
 12785 | Lair:3   | Reached skill level 1 in Shields
 13209 | Lair:4   | XOM: summons friendly white imp
 13226 | Lair:4   | Found a bloodstained altar of Trog.
 13408 | Lair:4   | XOM: polymorph skyshark -> wolf spider
 13778 | Lair:4   | XOM: 3-stop teleportation journey
 13840 | Lair:4   | Found a staircase to the Slime Pits.
 13841 | Lair:4   | Found a viscous altar of Jiyva.
 14060 | Lair:5   | Entered Level 5 of the Lair of Beasts
 14081 | Lair:5   | XOM: summons friendly shadow imp
 14084 | Lair:5   | XOM: cleaving
 14087 | Lair:5   | XOM: polymorph yak -> black bear
 14106 | Lair:5   | XOM: scenery: summon butterflies
 14122 | Lair:5   | XOM: give mutations
 14122 | Lair:5   | Gained mutation: You are somewhat resistant to further
                  | mutation. [Xom's grace]
 14122 | Lair:5   | Gained mutation: You have a pair of horns on your head.
                  | [Xom's grace]
 14134 | Lair:5   | XOM: god gift: +2 broad axe of freezing
 14217 | Lair:5   | XOM: summons friendly quasit
 14222 | Lair:5   | XOM: fake destruction
 14265 | Lair:5   | XOM: give mutations
 14265 | Lair:5   | Gained mutation: You have a somewhat thin skeletal
                  | structure. (Dex +2, Stealth+) [Xom's grace]
 14265 | Lair:5   | Lost mutation: You are somewhat resistant to further
                  | mutation. [Xom's grace]
 14265 | Lair:5   | Gained mutation: You have hidden genetic potential. [Xom's
                  | grace]
 14265 | Lair:5   | Gained mutation: Your muscles are strong. (Str +4, Int/Dex
                  | -1) [Xom's grace]
 14265 | Lair:5   | Gained mutation: Your flesh is cold resistant. (rC+) [Xom's
                  | grace]
 14271 | Lair:5   | XOM: enchant monster (good)
 14286 | Lair:5   | XOM: summons friendly ice devil
 14353 | Lair:5   | XOM: summons friendly iron imp
 14379 | Lair:5   | Reached skill level 5 in Shields
 14921 | Lair:5   | XOM: cleaving
 15038 | Lair:5   | XOM: smoke on damage
 15043 | Lair:5   | Gained mutation: Your large and strong wings let you fly.
                  | [Gargoyle growth]
 15043 | Lair:5   | Reached XP level 14. HP: 36/94 MP: 14/14
 15196 | Lair:5   | XOM: potion effect (haste)
 15547 | D:11     | Noticed Erica
 15553 | D:11     | Killed Erica
 15609 | D:11     | Noticed Psyche
 15617 | D:11     | Killed Psyche
 15887 | D:11     | Found a staircase to the Orcish Mines.
 16042 | Orc:1    | Entered Level 1 of the Orcish Mines
 16042 | Orc:1    | Found Wema's Weapon Shop.
 16071 | Orc:1    | Found Ladghel's Armour Shop.
 16080 | Orc:1    | Bought a +1 pair of gloves of hurling for 214 gold pieces
 16144 | Orc:1    | XOM: 2-stop teleportation journey
 16300 | Orc:1    | Found Xedul's Book Shop.
 16316 | Orc:1    | XOM: confuse monster(s)
 16565 | Orc:1    | Found Fiofext's Book Emporium.
 16584 | Orc:1    | XOM: smoke on damage
 16680 | Orc:1    | XOM: god gift: scroll of teleportation
 16728 | Orc:2    | Entered Level 2 of the Orcish Mines
 16769 | Orc:2    | XOM: god gift: 872 gold pieces
 17007 | Orc:2    | Found a staircase to the Elven Halls.
 17022 | Orc:2    | Found a dark tunnel.
 17036 | Orc:2    | XOM: scenery: summon butterflies
 17051 | Volcano  | Entered a volcano
 17057 | Volcano  | XOM: summons 6 friendly demons
 17069 | Volcano  | XOM: 6-stop teleportation journey
 17089 | Volcano  | XOM: summons friendly red devil
 17090 | Volcano  | Gained mutation: You possess an exceptional clarity of
                  | mind. [hidden potential]
 17485 | Volcano  | XOM: god gift: 14 gold pieces
 17686 | Orc:2    | XOM: divine lightning
 17820 | Orc:2    | Found Gaibut's Magic Scroll Shop.
 17834 | Orc:2    | Found Waybb's Armour Shoppe.
 17963 | Orc:2    | XOM: 4-stop teleportation journey
 18111 | Orc:2    | XOM: noise
 18286 | Orc:2    | Found Pudifu's Magic Scroll Shoppe.
 18287 | Orc:2    | Found Neugaos's Antique Weapon Emporium.
 18287 | Orc:2    | Found Looclig's Antique Armour Shoppe.
 18297 | Orc:2    | Bought a scroll of enchant armour for 112 gold pieces
 18399 | Orc:2    | XOM: cloud trail
 18422 | Orc:1    | Bought the +8 trishula "Condemnation" {holy, anguish,
                  | *Noise Fly rN+} for 1201 gold pieces
 18422 | Orc:1    | Found the +8 trishula "Condemnation" {holy, anguish, *Noise
                  | Fly rN+}
 18477 | Orc:1    | Bought a manual of Armour for 1440 gold pieces
 18610 | D:12     | Reached skill level 15 in Fighting
 18611 | D:12     | Noticed Lodul
 18614 | D:12     | Reached XP level 15. HP: 103/103 MP: 15/15
 18618 | D:12     | Lodul changed into Lodul the raiju
 18618 | D:12     | Noticed Lodul
 18618 | D:12     | XOM: polymorph Lodul -> Lodul the raiju
 18632 | D:12     | Killed Lodul the raiju
 18638 | D:12     | XOM: fog
 18646 | D:12     | Reached skill level 1 in Polearms
 18849 | D:12     | XOM: scenery: 2 doors close
 18887 | D:12     | XOM: summons 4 hostile shadow creatures
 19217 | D:13     | XOM: give mutations
 19217 | D:13     | Gained mutation: You passively map a small area around you.
                  | [Xom's grace]
 19217 | D:13     | Lost mutation: You have hidden genetic potential. [Xom's
                  | grace]
 19217 | D:13     | Gained mutation: You are somewhat resistant to further
                  | mutation. [Xom's grace]
 19217 | D:13     | Gained mutation: Your mind is very acute. (Int +8, Str/Dex
                  | -2) [Xom's grace]
 19217 | D:13     | Gained mutation: Your spells are a little harder to cast,
                  | but a little more powerful. [Xom's grace]
 19226 | D:13     | Noticed Urug
 19231 | D:13     | XOM: noise
 19241 | D:13     | XOM: cast spell 'Summon Small Mammal'
 19247 | D:13     | Killed Urug
 19248 | D:13     | Reached skill level 10 in Shields
 19256 | D:13     | Noticed Snorg
 19262 | D:13     | Killed Snorg
 19432 | D:13     | XOM is BORED!
 19432 | D:13     | XOM: silly message
 19515 | D:13     | XOM: silly message
 19670 | D:13     | XOM is BORED!
 19670 | D:13     | XOM: noise
 19930 | D:13     | XOM: noise
 20073 | D:14     | Found a gate to the Vaults.
 20075 | D:14     | XOM: blink monster(s)
 20078 | D:14     | XOM: enchant monster (bad)
 20081 | D:14     | XOM: chaos upgrade
 20097 | D:14     | Reached skill level 15 in Armour
 20103 | D:14     | XOM: stat loss: -1 Str (30/31)
 20145 | D:14     | Found a gate leading to a gauntlet.
 20160 | Gauntlet | Entered a Gauntlet
 20161 | Gauntlet | Found a transporter.
 20169 | Gauntlet | Found a transporter.
 20169 | Gauntlet | Found a transporter.
 20176 | Gauntlet | Found a transporter.
 20179 | Gauntlet | Found a transporter.
 20190 | Gauntlet | Found a transporter.
 20243 | Gauntlet | Found a transporter.
 20262 | Gauntlet | Found a transporter.
 20281 | Gauntlet | Found a transporter.
 20295 | Gauntlet | Found a transporter.
 20296 | Gauntlet | Found a transporter.
 20309 | Gauntlet | Found a transporter.
 20471 | Gauntlet | XOM: enchant monster (bad)
 20552 | Gauntlet | Identified the +8 war axe of Wile {flame, Will+ SInv}
 20567 | Gauntlet | Identified the +1 robe of Cimumej {rElec Will+}
 20694 | D:14     | XOM: 1-stop teleportation journey
 20826 | D:14     | Reached skill level 5 in Polearms
 20848 | D:14     | XOM: polymorph deep elf pyromancer -> snapping turtle
 21133 | D:14     | Found an iron altar of Okawaru.
 21159 | D:14     | XOM: stat loss: -1 Int (19/20)
 21282 | D:14     | XOM is BORED!
 21282 | D:14     | XOM: noise
 21366 | D:14     | Found a sacrificial altar of Ru.
 21427 | D:15     | Entered Level 15 of the Dungeon
 21427 | D:15     | Noticed Rupert
 21433 | D:15     | Killed Rupert
 21452 | D:15     | Noticed Louise
 21482 | D:15     | Killed Louise
 21495 | D:15     | XOM: chaos upgrade
 21660 | Snake:1  | Entered Level 1 of the Snake Pit
 21667 | Snake:1  | XOM: 1-stop teleportation journey
 21799 | Snake:1  | XOM: summons friendly white imp
 21810 | Snake:1  | XOM: confuse monster(s)
 21971 | Snake:1  | XOM: divination: detect creatures
 21979 | Snake:1  | Reached XP level 16. HP: 108/108 MP: 16/16
 21979 | Snake:1  | XOM: summons 5 friendly demons
 22108 | Snake:1  | XOM: 1-stop teleportation journey
 22216 | Snake:1  | XOM: cleaving
 22290 | Snake:1  | XOM: polymorph black mamba -> meliai
 22309 | Snake:1  | XOM: polymorph anaconda -> slime creature
 22310 | Snake:1  | XOM: smoke on damage
 22551 | Snake:1  | Found Peucamo's Weapon Shoppe.
 22579 | Snake:1  | Identified the +1 robe of the Flute {rCorr}
 22614 | Snake:1  | XOM: chaos cloud
 22617 | Snake:1  | Paralysed by you for 4 turns
 22623 | Snake:1  | XOM: torment (60/108 hp)
 22631 | Snake:1  | Paralysed by you for 5 turns
 22801 | Snake:1  | XOM: give mutation
 22801 | Snake:1  | Lost mutation: You have a somewhat thin skeletal structure.
                  | (Dex +2, Stealth+) [Xom's mischief]
 22881 | Snake:2  | XOM: give mutations
 22881 | Snake:2  | Lost mutation: You are somewhat resistant to further
                  | mutation. [Xom's mischief]
 22881 | Snake:2  | Lost mutation: You occasionally lose the ability to read
                  | scrolls when taking damage. [Xom's mischief]
 22881 | Snake:2  | Lost mutation: Your mind is very acute. (Int +8, Str/Dex
                  | -2) [Xom's mischief]
 22881 | Snake:2  | Lost mutation: You have a pair of horns on your head.
                  | [Xom's mischief]
 22901 | Snake:2  | XOM: give mutations
 22901 | Snake:2  | Lost mutation: You are agile. (Dex +4, Str/Int -1) [Xom's
                  | mischief]
 22901 | Snake:2  | Lost mutation: Your muscles are strong. (Str +4, Int/Dex
                  | -1) [Xom's mischief]
 22901 | Snake:2  | Gained mutation: You are somewhat resistant to further
                  | mutation. [Xom's mischief]
 22902 | Snake:2  | XOM: polymorph black mamba -> shapeshifter
 22903 | Snake:2  | XOM: repel stairs
 22908 | Snake:2  | XOM: summons 9 hostile demons
 22916 | Snake:2  | XOM: fog
 22938 | Snake:2  | XOM: noise
 22943 | Snake:2  | XOM: swap monsters
 22964 | Snake:2  | XOM: confuse monster(s)
 22992 | Snake:2  | You are sucked into a shaft and drop 1 floor!
 22992 | Snake:3  | XOM: noise
 22992 | Snake:3  | Noticed a nagaraja
 22993 | Snake:3  | XOM: summons friendly shadow imp
 22998 | Snake:3  | XOM: summons 10 friendly demons
 23010 | Snake:3  | Killed a nagaraja
 23328 | Snake:3  | XOM: silly message
 23408 | Snake:3  | XOM: summons friendly white imp
 23410 | Snake:3  | XOM: polymorph white imp -> iron imp
 23412 | Snake:3  | XOM: summons 2 friendly demons
 23413 | Snake:3  | XOM: divination: detect creatures
 23472 | Snake:3  | Identified the ring "Ogi Sawe" {rElec Int+6} (Xom gifted it
                  | to you on level 3 of the Snake Pit)
 23472 | Snake:3  | XOM: god gift: ring "Ogi Sawe" {rElec Int+6}
 23569 | Snake:3  | XOM: polymorph shock serpent -> steelbarb worm
 23654 | Snake:3  | Reached XP level 17. HP: 113/113 MP: 17/17
 23825 | Snake:3  | XOM: enchant monster (bad)
 23908 | Snake:3  | Noticed Aizul
 23927 | Snake:3  | XOM: give mutation
 23927 | Snake:3  | Lost mutation: You passively map a small area around you.
                  | [Xom's mischief]
 23930 | Snake:3  | XOM: blink monster(s)
 23931 | Snake:3  | Killed Aizul
 24063 | Snake:3  | XOM: swap monsters
 24104 | Snake:3  | XOM: summons 2 hostile demons
 24112 | Snake:3  | XOM: silly message
 24274 | Snake:2  | XOM: snakes to sticks
 24281 | Snake:2  | XOM: enchant monster (good)
 24292 | Snake:2  | XOM: chaos upgrade
 24373 | Snake:2  | Reached skill level 10 in Polearms
 24396 | Snake:2  | XOM: enchant monster (bad)
 24403 | Snake:2  | XOM: chaos upgrade
 24414 | Snake:3  | HP: 5/113 [something (10)]
 24674 | Snake:2  | Reached XP level 18. HP: 115/120 MP: 15/18
 24679 | Snake:2  | XOM: polymorph naga mage -> basilisk
 24687 | Snake:2  | XOM: potion effect (experience)
 24687 | Snake:2  | Reached XP level 19. HP: 125/125 MP: 17/19
 24720 | Snake:1  | XOM: potion effect (might)
 24810 | Snake:2  | XOM: potion effect (invisibility)
 24811 | Snake:2  | XOM: potion effect (brilliance)
 24885 | Snake:2  | XOM: silly message
 24945 | Snake:2  | XOM: 5-stop teleportation journey
 25197 | Snake:2  | XOM: god gift: scroll of immolation
 25384 | Snake:2  | XOM: silly message
 25524 | Swamp:1  | Entered Level 1 of the Swamp
 25528 | Swamp:1  | XOM: polymorph bunyip -> quicksilver ooze
 25586 | Swamp:1  | XOM: scenery: summon butterflies
 25594 | Swamp:1  | XOM: potion effect (haste)
 26400 | Swamp:2  | XOM: enchant monster (bad)
 26451 | Swamp:2  | Noticed Nikola
 26461 | Swamp:2  | Killed Nikola
 26496 | Swamp:2  | XOM: 2-stop teleportation journey
 26713 | Swamp:2  | Identified the +7 whip of Ipynostre {heavy, rF+++ MP+9
                  | Str+4 Dex-4}
 26927 | Swamp:3  | XOM: destruction
 26945 | Swamp:3  | XOM: smoke on damage
 26946 | Swamp:3  | XOM: summons 2 friendly demons
 26965 | Swamp:3  | XOM: confuse monster(s)
 27038 | Swamp:2  | XOM: give mutations
 27038 | Swamp:2  | Lost mutation: You are somewhat resistant to further
                  | mutation. [Xom's mischief]
 27038 | Swamp:2  | Gained mutation: You have hidden genetic potential. [Xom's
                  | mischief]
 27038 | Swamp:2  | Lost mutation: You have a pair of small horns on your head.
                  | [Xom's mischief]
 27038 | Swamp:2  | Gained mutation: You are frail. (-10% HP) [Xom's mischief]
 27038 | Swamp:2  | Lost mutation: You are frail. (-10% HP) [Xom's mischief]
 27112 | Swamp:3  | XOM: chaos upgrade
 27116 | Swamp:3  | XOM: chaos upgrade
 27289 | Swamp:2  | XOM: confuse monster(s)
 27350 | Swamp:3  | XOM: enchant monster (good)
 27469 | Swamp:3  | XOM: divination: magic mapping
 27684 | Swamp:3  | XOM: noise
 27750 | Swamp:4  | Entered Level 4 of the Swamp
 27757 | Swamp:4  | XOM: cast spell 'Discord'
 27772 | Swamp:4  | XOM: potion effect (brilliance)
 27774 | Swamp:4  | XOM: divination: magic mapping
 27779 | Swamp:4  | XOM: give mutations
 27779 | Swamp:4  | Gained mutation: You have great hidden genetic potential.
                  | [Xom's grace]
 27779 | Swamp:4  | Gained mutation: You have an increased reservoir of magic.
                  | (+10% MP) [Xom's grace]
 27779 | Swamp:4  | Gained mutation: You are covered in fur. (AC +1) [Xom's
                  | grace]
 27779 | Swamp:4  | Gained mutation: You have a pair of small horns on your
                  | head. [Xom's grace]
 27783 | Swamp:4  | XOM: cleaving
 27969 | Swamp:4  | XOM: fog
 27971 | Swamp:4  | XOM: summons friendly rust devil
 28043 | Swamp:4  | XOM: give mutations
 28043 | Swamp:4  | Gained mutation: You are mostly covered in iridescent
                  | scales. (AC +4) [Xom's grace]
 28043 | Swamp:4  | Gained mutation: You have a considerably increased
                  | reservoir of magic. (+20% MP) [Xom's grace]
 28043 | Swamp:4  | Gained mutation: You are completely covered in iridescent
                  | scales. (AC +6) [Xom's grace]
 28071 | Swamp:4  | XOM: noise
 28092 | Swamp:4  | XOM: divination: detect items
 28173 | Swamp:4  | XOM: noise
 28196 | Swamp:4  | Reached XP level 20. HP: 107/136 MP: 24/24
 28206 | Swamp:4  | XOM: 1-stop teleportation journey
 28212 | Swamp:4  | XOM: polymorph six-headed hydra -> storm dragon
 28216 | Swamp:4  | XOM: silly message
 28357 | Swamp:4  | XOM: silly message
 28384 | Swamp:4  | XOM: summons 5 friendly demons
 28521 | Swamp:4  | XOM: 1-stop teleportation journey
 28540 | Swamp:4  | XOM: 6-stop teleportation journey
 28627 | Swamp:4  | XOM: noise
 28728 | Swamp:4  | XOM: noise
 28846 | Swamp:4  | Got a decaying rune of Zot
 29044 | Snake:4  | Entered Level 4 of the Snake Pit
 29122 | Snake:4  | XOM: summons 3 friendly demons
 29138 | Snake:4  | XOM: cast spell 'Alistair's Intoxication'
 29202 | Snake:4  | XOM: god gift: 7 gold pieces
 29291 | Snake:4  | XOM: 2-stop teleportation journey
 29310 | Snake:4  | XOM: cast spell 'Cause Fear'
 29353 | Snake:4  | XOM: summons 3 friendly demons
 29359 | Snake:4  | XOM: cast spell 'Necromutation'
 29360 | Snake:4  | XOM: summons friendly quasit
 29374 | Snake:4  | XOM: snakes to sticks
 29389 | Snake:4  | XOM: 6-stop teleportation journey
 29411 | Snake:4  | XOM: 2-stop teleportation journey
 29417 | Snake:4  | XOM: summons friendly quasit
 29429 | Snake:3  | XOM: cleaving
 29526 | Snake:3  | Reached skill level 15 in Shields
 29526 | Snake:3  | XOM: confuse monster(s)
 29559 | Snake:3  | Gained mutation: You expend magic power (3 MP) to
                  | strengthen your wands. [hidden potential]
 29767 | Snake:4  | XOM: polymorph salamander -> komodo dragon
 29837 | Snake:4  | Identified the +0 leather armour of the Fife {Will- Str+2
                  | Dex+9}
 29918 | Snake:4  | XOM: scenery: create altars
 30340 | Snake:4  | Got a serpentine rune of Zot
 30474 | Lair:1   | XOM: give mutations
 30474 | Lair:1   | Lost mutation: You are covered in fur. (AC +1) [Xom's
                  | mischief]
 30474 | Lair:1   | Lost mutation: You occasionally shout uncontrollably at
                  | your foes. [Xom's mischief]
 30607 | Orc:2    | XOM: scenery: summon butterflies
 30658 | Orc:1    | Bought a manual of Dodging for 1440 gold pieces
 30721 | Elf:1    | Entered Level 1 of the Elven Halls
 30725 | Elf:1    | XOM: summons 4 friendly demons
 30785 | Elf:1    | XOM: enchant monster (good)
 30796 | Elf:1    | Reached skill level 5 in Dodging
 30876 | Elf:1    | Paralysed by an air elemental for 1 turns
 30986 | Elf:1    | Paralysed by an air elemental for 1 turns
 31156 | Elf:1    | XOM: give mutations
 31156 | Elf:1    | Gained mutation: You are partially covered in large bone
                  | plates. (SH +4) [Xom's grace]
 31156 | Elf:1    | Gained mutation: Your spells are harder to cast, but more
                  | powerful. [Xom's grace]
 31156 | Elf:1    | Gained mutation: You have a pair of horns on your head.
                  | [Xom's grace]
 31156 | Elf:1    | Gained mutation: You are agile. (Dex +4, Str/Int -1) [Xom's
                  | grace]
 31239 | Elf:1    | XOM: god gift: +4 ring of protection
 31256 | Elf:1    | XOM: destruction
 31291 | Elf:1    | XOM: confuse monster(s)
 31325 | Elf:1    | Identified the +4 long sword "Hooleet" {flame, *Corrode
                  | rC++}
 31364 | Elf:1    | Found Ecounk's Jewellery Emporium.
 31368 | Elf:1    | Found Uzoonk's Jewellery Emporium.
 31368 | Elf:1    | Found Deqel's Book Shop.
 31589 | Elf:1    | XOM: give mutations
 31589 | Elf:1    | Lost mutation: You have great hidden genetic potential.
                  | [Xom's grace]
 31589 | Elf:1    | Lost mutation: You have hidden genetic potential. [Xom's
                  | grace]
 31589 | Elf:1    | Gained mutation: You are somewhat resistant to further
                  | mutation. [Xom's grace]
 31589 | Elf:1    | Gained mutation: Your muscles are strong. (Str +4, Int/Dex
                  | -1) [Xom's grace]
 31601 | Elf:1    | XOM: god gift: scale mail {god gift}
 31679 | Elf:1    | XOM: enchant monster (good)
 31688 | Elf:1    | XOM: cast spell 'Chain of Chaos'
 31695 | Elf:1    | Identified the +2 pair of boots of Indomitability {rElec
                  | rN+} (Xom gifted it to you on level 1 of the Elven Halls)
 31695 | Elf:1    | XOM: god gift: +2 pair of boots of Indomitability {rElec
                  | rN+}
 31845 | Elf:1    | XOM: potion effect (brilliance)
 31860 | Elf:1    | XOM: potion effect (curing)
 31871 | Elf:1    | XOM: silly message
 32002 | Elf:3    | Entered Level 3 of the Elven Halls
 32008 | Elf:3    | XOM: silly message
 32022 | Elf:3    | XOM: divination: detect items
 32119 | Elf:3    | XOM: divination: detect items
 32132 | Elf:3    | XOM: summons friendly iron imp
 32135 | Elf:3    | XOM: divine lightning
 32204 | Elf:3    | Reached XP level 21. HP: 146/146 MP: 25/25
 32425 | Elf:3    | XOM: polymorph deep elf death mage -> minotaur
 32429 | Elf:3    | XOM: destruction
 32665 | Elf:2    | XOM: divine lightning
 32760 | Elf:2    | XOM: divination: detect creatures
 32767 | Elf:2    | XOM: divination: detect creatures
 32816 | Elf:2    | XOM: noise
 32821 | Elf:1    | Reached skill level 10 in Dodging
 32826 | Elf:2    | XOM: repel stairs
 32839 | Elf:2    | XOM: divination: magic mapping
 32849 | Elf:1    | XOM: chaos upgrade
 32895 | Elf:2    | XOM: swap monsters
 33075 | Elf:2    | XOM: summons 5 friendly demons
 33463 | Elf:2    | XOM: divination: magic mapping
 33467 | Elf:2    | XOM: confuse monster(s)
 33468 | Elf:2    | XOM: summons friendly iron imp
 33505 | Elf:2    | XOM: polymorph iron imp -> lemure
 33517 | Elf:2    | Found a runed translucent gate.
 33518 | Elf:2    | Found a runed translucent gate.
 33518 | Elf:2    | Found a runed translucent gate.
 33621 | Elf:3    | XOM: blink monster(s)
 33875 | D:15     | XOM: enchant monster (good)
 33926 | D:15     | XOM: summons 2 friendly demons
 33953 | D:15     | XOM: divination: detect creatures
 34007 | D:15     | XOM: noise
 34034 | D:15     | Found a blossoming altar of Fedhas.
 34034 | D:15     | XOM: 3-stop teleportation journey
 34160 | D:15     | Identified the +6 long sword of Ijidytoajakk {flame, rF-
                  | rC- Dex+7 SInv}
 34208 | D:15     | Found a staircase to the Depths.
 34334 | D:15     | XOM: scenery: summon butterflies
 34483 | Vaults:1 | Entered Level 1 of the Vaults
 34514 | Vaults:1 | XOM: god gift: wand of digging (5)
 34621 | Vaults:1 | XOM: fake destruction
 34629 | Vaults:1 | XOM: divine lightning
 34706 | Vaults:1 | Found a crumbling gateway.
 34727 | Desolati | Entered the Desolation of Salt
 34757 | Desolati | XOM: divine lightning
 34774 | Desolati | XOM: summons friendly iron imp
 34787 | Desolati | XOM: enchant monster (good)
 34792 | Desolati | XOM: confuse monster(s)
 34796 | Desolati | XOM: confuse monster(s)
 34845 | Desolati | Reached skill level 10 in Evocations
 34850 | Desolati | XOM: destruction
 34864 | Desolati | XOM: enchant monster (good)
 34883 | Desolati | XOM: destruction
 34884 | Desolati | XOM: scenery: summon butterflies
 34894 | Desolati | XOM: enchant monster (good)
 34953 | Desolati | XOM: confuse monster(s)
 35089 | Desolati | Reached XP level 22. HP: 121/155 MP: 26/26
 35165 | Desolati | Identified the +5 chain mail of Midwinter {Rampage *Corrode
                  | rElec Dex+4}
 35166 | Desolati | Identified the ring "Plog" {rPois rF+ Int+2 Dex-2}
 35265 | Desolati | Identified the +5 morningstar of Dishonesty {flame, Contam
                  | Str+3 Dex+4}
 35501 | Desolati | Found the +2 ratskin cloak {*Rats rPois rN+ Str-1 Int-1
                  | Dex+1}
 35507 | Desolati | Identified the +6 scale mail of the Mind {Contam *Slow
                  | rPois Str+6}
 35534 | Desolati | XOM: give mutations
 35534 | Desolati | Lost mutation: Armour fits poorly on your strangely shaped
                  | body. [Xom's mischief]
 35534 | Desolati | Lost mutation: You have a considerably increased reservoir
                  | of magic. (+20% MP) [Xom's mischief]
 35534 | Desolati | Lost mutation: Your mind is acute. (Int +4, Str/Dex -1)
                  | [Xom's mischief]
 35545 | Desolati | XOM: noise
 35615 | Desolati | Got the Reference Book on Radiant Shades
 35619 | Desolati | Got the Information on Doom
 35621 | Desolati | Got Izoum's Volume of Unfortunate Assembling
 35866 | Vaults:1 | XOM: chaos upgrade
 36155 | Vaults:1 | XOM: give mutations
 36155 | Vaults:1 | Lost mutation: You have an increased reservoir of magic.
                  | (+10% MP) [Xom's mischief]
 36155 | Vaults:1 | Lost mutation: You are completely covered in iridescent
                  | scales. (AC +6) [Xom's mischief]
 36243 | Vaults:1 | XOM: potion effect (brilliance)
 36261 | Vaults:1 | XOM: silly message
 36337 | Vaults:1 | XOM: 4-stop teleportation journey
 36472 | Vaults:1 | XOM: silly message
 36542 | Vaults:1 | XOM: 9-stop teleportation journey
 36777 | Vaults:2 | XOM: divine lightning
 36942 | Vaults:2 | XOM: 1-stop teleportation journey
 36950 | Vaults:2 | XOM: god gift: scroll of teleportation
 36956 | Vaults:2 | XOM: fake destruction
 37007 | Vaults:2 | Found a staircase to the Crypt.
 37007 | Vaults:2 | XOM: 1-stop teleportation journey
 37154 | Vaults:2 | XOM: cleaving
 37155 | Vaults:2 | XOM: summons friendly white imp
 37202 | Vaults:2 | XOM: cast spell 'Cause Fear'
 37283 | Vaults:2 | XOM: scenery: 1 doors close
 37505 | Vaults:2 | XOM: divination: detect items
 37510 | Vaults:2 | XOM: confuse monster(s)
 37520 | Vaults:2 | XOM: cast spell 'Summon Cactus Giant'
 37762 | Vaults:2 | XOM: potion effect (curing)
 37764 | Vaults:2 | XOM: divination: detect creatures
 37783 | Vaults:2 | XOM: enchant monster (bad)
 37788 | Vaults:2 | XOM: blink monster(s)
 37789 | Vaults:2 | XOM: cleaving
 37818 | Vaults:2 | XOM: scenery: summon butterflies
 37851 | Vaults:2 | XOM: summons 2 friendly demons
 38201 | Vaults:3 | Found a magical portal.
 38204 | Vaults:3 | XOM: silly message
 38238 | WizLab   | Entered Maxwell's Workshop
 38303 | WizLab   | XOM: potion effect (heal wounds)
 38318 | WizLab   | XOM: potion effect (might)
 38346 | WizLab   | Identified the ring "Silej" {Fire rN+}
 38452 | WizLab   | XOM: silly message
 38515 | WizLab   | XOM: summons 10 hostile demons
 38649 | WizLab   | Reached XP level 23. HP: 136/163 MP: 23/23
 38760 | WizLab   | Identified the ring "Serekaj" {Fire *Corrode rPois Str+2
                  | Dex+3}
 38790 | WizLab   | Identified the +6 ring mail "Leteyg" {rElec Int+4}
 38814 | WizLab   | Identified the ring of Amelioration {Ice +Blink Will+
                  | Slay-6 SInv}
 38878 | Vaults:3 | XOM: summons friendly orange demon
 38880 | Vaults:3 | XOM: divine lightning
 38945 | Vaults:3 | XOM: destruction
 38997 | Vaults:3 | XOM: god gift: wand of acid (6)
 39023 | Vaults:3 | XOM: cast spell 'Monstrous Menagerie'
 39068 | Vaults:3 | XOM: enchant monster (good)
 39242 | Vaults:3 | XOM: noise
 39380 | Vaults:3 | XOM: chaos upgrade
 39386 | Vaults:3 | XOM: scenery: summon butterflies
 39472 | Vaults:3 | Found Heryrgh's Antique Weapon Shop.
 39523 | Vaults:3 | XOM: cast spell 'Leda's Liquefaction'
 39573 | Vaults:3 | XOM: noise
 39784 | Vaults:3 | XOM: silly message
 39950 | Vaults:3 | XOM: enchant monster (good)
 39955 | Vaults:3 | XOM: stat loss: -1 Str (32/33)
 39983 | Vaults:3 | XOM: chaos upgrade
 39992 | Vaults:3 | XOM: polymorph deep troll -> sea snake
 40012 | Vaults:3 | XOM: blink monster(s)
 40041 | Vaults:3 | XOM: chaos upgrade
 40047 | Vaults:3 | XOM: swap monsters
 40134 | Vaults:3 | XOM: noise
 40140 | Vaults:3 | XOM: silly message
 40171 | Vaults:3 | XOM: chaos cloud
 40183 | Vaults:3 | XOM: noise
 40193 | Vaults:3 | XOM: smoke on damage
 40251 | Vaults:3 | XOM: summons 12 hostile demons
 40399 | Vaults:3 | XOM: summons 12 hostile demons
 40678 | Abyss:4  | Cast into level 4 of the Abyss (Xom)
 40791 | Abyss:4  | XOM: torment (131/164 hp)
 40796 | Abyss:4  | Got an abyssal rune of Zot
 40802 | Abyss:4  | XOM: swap monsters
 40804 | Abyss:4  | XOM: enchant monster (bad)
 40807 | Abyss:4  | XOM: polymorph smoke demon -> sun demon
 40850 | Vaults:4 | Escaped the Abyss
 40871 | Vaults:4 | XOM: enchant monster (bad)
 40941 | Vaults:4 | XOM: swap monsters
 40945 | Vaults:4 | XOM: swap monsters
 41080 | Vaults:4 | Identified the +6 dagger "Vejiog" {heavy, Fly rPois rF+++
                  | Dex-5}
 41347 | Vaults:4 | XOM: 3-stop teleportation journey
 41466 | Vaults:4 | XOM: summons 12 hostile demons
 41708 | Vaults:4 | XOM: god gift: scroll of immolation
 41840 | Vaults:4 | XOM: summons friendly iron imp
 41998 | Vaults:4 | XOM: give mutation
 41998 | Vaults:4 | Gained mutation: Your movements are slightly less
                  | encumbered by armour. (ER -2) [Xom's grace]
 42028 | Vaults:4 | XOM: chaos upgrade
 42029 | Vaults:4 | XOM: cleaving
 42034 | Vaults:4 | Reached XP level 24. HP: 171/171 MP: 23/23
 42334 | D:15     | XOM: stat loss: -1 Dex (8/9)
 42359 | Depths:1 | Entered Level 1 of the Depths
 42372 | Depths:1 | XOM: give mutations
 42372 | Depths:1 | Gained mutation: You are completely covered in iridescent
                  | scales. (AC +6) [Xom's grace]
 42372 | Depths:1 | Gained mutation: You have sharp toenails. [Xom's grace]
 42372 | Depths:1 | Lost mutation: You have sharp toenails. [Xom's grace]
 42372 | Depths:1 | Gained mutation: You have large cloven feet. [Xom's grace]
 42404 | Depths:1 | XOM: scenery: 2 doors open
 42427 | Depths:1 | XOM: give mutations
 42427 | Depths:1 | Gained mutation: Your mind is acute. (Int +4, Str/Dex -1)
                  | [Xom's grace]
 42427 | Depths:1 | Gained mutation: You have hoof-like feet. [Xom's grace]
 42427 | Depths:1 | Gained mutation: You have a pair of large horns on your
                  | head. [Xom's grace]
 42670 | Depths:1 | Noticed Bai Suzhen
 42670 | Depths:1 | XOM: divination: detect items
 42679 | Depths:1 | XOM: cast spell 'Summon Cactus Giant'
 42682 | Depths:1 | Killed Bai Suzhen
 42736 | Depths:1 | XOM: stat loss: -1 Dex (7/8)
 42866 | Depths:1 | Found a gateway to Hell.
 43188 | Depths:1 | XOM: noise
 43270 | Depths:1 | XOM: summons 4 hostile demons
 43423 | Depths:2 | XOM: swap monsters
 43425 | Depths:2 | XOM: enchant monster (good)
 43584 | Depths:2 | XOM: summons 3 friendly demons
 43604 | Depths:2 | XOM: cast spell 'Leda's Liquefaction'
 43610 | Depths:2 | XOM: summons friendly white imp
 43708 | Depths:2 | XOM: divination: detect items
 43726 | Depths:2 | XOM: cast spell 'Summon Horrible Things'
 43814 | Depths:2 | Found a portal to a secret trove of treasure.
 43822 | Depths:2 | XOM: 1-stop teleportation journey
 43823 | Depths:2 | XOM: summons friendly iron imp
 43853 | Depths:2 | Found Hoip's Antique Armour Shoppe.
 43915 | Depths:2 | XOM: divination: detect creatures
 43916 | Depths:2 | XOM: confuse monster(s)
 43921 | Depths:2 | XOM: cast spell 'Summon Cactus Giant'
 43932 | Depths:1 | XOM: enchant monster (good)
 43995 | Depths:2 | XOM: potion effect (heal wounds)
 44002 | Depths:1 | XOM: give mutations
 44002 | Depths:1 | Lost mutation: Your flesh is cold resistant. (rC+) [Xom's
                  | mischief]
 44002 | Depths:1 | Lost mutation: You have hoof-like feet. [Xom's mischief]
 44002 | Depths:1 | Lost mutation: Your mind is acute. (Int +4, Str/Dex -1)
                  | [Xom's mischief]
 44076 | Depths:2 | an alligator snapping turtle changed into a juggernaut
 44076 | Depths:2 | Noticed a juggernaut (glowing shapeshifter)
 44078 | Depths:2 | XOM: polymorph sphinx -> iron troll
 44090 | Depths:2 | a juggernaut changed into a shard shrike
 44090 | Depths:2 | Noticed a shard shrike (glowing shapeshifter)
 44093 | Depths:2 | a shard shrike changed into a caustic shrike
 44093 | Depths:2 | Noticed a caustic shrike (glowing shapeshifter)
 44145 | Depths:2 | a caustic shrike changed into a titan
 44148 | Depths:2 | a titan changed into a shard shrike
 44148 | Depths:2 | Noticed a shard shrike (glowing shapeshifter)
 44151 | Depths:2 | a shard shrike changed into a juggernaut
 44151 | Depths:2 | Noticed a juggernaut (glowing shapeshifter)
 44155 | Depths:2 | XOM: 10-stop teleportation journey
 44165 | Depths:2 | Noticed a shard shrike
 44168 | Depths:2 | a shard shrike changed into a rockslime
 44317 | Depths:2 | XOM: summons 10 friendly demons
 44321 | Depths:2 | Noticed a caustic shrike
 44328 | Depths:2 | XOM: divination: magic mapping
 44335 | Depths:2 | Killed a caustic shrike
 44599 | Depths:2 | XOM: polymorph iron troll -> golden dragon
 44659 | Depths:2 | Found the ring of the Tortoise {AC+8}
 44841 | Depths:2 | Found a one-way gate leading to the halls of Pandemonium.
 44918 | Depths:3 | Found a one-way gate to the infinite horrors of the Abyss.
 44930 | Depths:3 | XOM: enchant monster (bad)
 45516 | Crypt:1  | Entered Level 1 of the Crypt
 45589 | Crypt:1  | XOM: divine lightning
 45611 | Crypt:1  | XOM: 3-stop teleportation journey
 45666 | Crypt:1  | XOM: stat loss: -1 Str (29/30)
 45703 | Crypt:1  | XOM: swap monsters
 45802 | Crypt:1  | XOM: enchant monster (good)
 45808 | Crypt:1  | XOM: 1-stop teleportation journey
 46063 | Crypt:1  | XOM: torment (144/173 hp)
 46560 | Crypt:2  | XOM: summons 1 hostile demon
 46730 | Crypt:2  | Reached XP level 25. HP: 161/180 MP: 23/23
 46820 | Crypt:2  | XOM: 1-stop teleportation journey
 47206 | Crypt:3  | Entered Level 3 of the Crypt
 47206 | Crypt:3  | XOM: noise
 47335 | Crypt:3  | XOM: torment (127/180 hp)
 47358 | Crypt:3  | XOM: polymorph sphinx -> fenstrider witch
 47456 | Crypt:3  | XOM: chaos upgrade
 47521 | Crypt:3  | Noticed Sojobo
 47528 | Crypt:3  | Paralysed by an air elemental for 1 turns
 47529 | Crypt:3  | XOM: blink monster(s)
 47533 | Crypt:3  | Paralysed by an air elemental for 1 turns
 47536 | Crypt:3  | Killed Sojobo
 47686 | Crypt:3  | Found a staircase to the Tomb.
 47816 | Crypt:3  | Found a basalt altar of Yredelemnul.
 47998 | Crypt:3  | XOM: blink monster(s)
 48373 | Crypt:3  | XOM: noise
 48471 | Crypt:3  | XOM: give mutations
 48471 | Crypt:3  | Gained mutation: You are somewhat resistant to both further
                  | mutation and mutation removal. [Xom's grace]
 48471 | Crypt:3  | Gained mutation: Your flesh is cold resistant. (rC+) [Xom's
                  | grace]
 48471 | Crypt:3  | Gained mutation: Your spells are much harder to cast, but
                  | much more powerful. [Xom's grace]
 48525 | Crypt:3  | XOM: confuse monster(s)
 48554 | Crypt:3  | XOM: enchant monster (bad)
 48601 | Crypt:3  | XOM: enchant monster (good)
 48635 | Crypt:3  | Found an ancient bone altar of Kikubaaqudgha.
 48643 | Crypt:3  | Found a basalt altar of Yredelemnul.
 48687 | Crypt:3  | Identified the +0 chain mail of the Unbroken {-Cast Fly
                  | rPois Slay+3}
 48694 | Crypt:3  | XOM: scenery: 2 doors close
 48741 | Crypt:3  | Identified the +1 leather armour of the Spider Nest
                  | {Rampage Drain Fly Will++}
 49011 | Vaults:5 | Entered Level 5 of the Vaults
 49013 | Vaults:5 | XOM: scenery: create altars
 49019 | Vaults:5 | XOM: chaos cloud
 49039 | Vaults:5 | XOM: cleaving
 49150 | Vaults:5 | XOM: enchant monster (good)
 49264 | Vaults:5 | Got a silver rune of Zot
 49339 | Vaults:5 | Identified the +7 chain mail of the Great Game {Stlth+}
 49361 | Vaults:5 | Identified the +12 short sword of Stickiness {freeze, rElec
                  | rC++ MP-9 SInv}
 49361 | Vaults:5 | XOM: 1-stop teleportation journey
 49379 | Vaults:5 | XOM: enchant monster (good)
 49380 | Vaults:5 | XOM: give mutations
 49380 | Vaults:5 | Lost mutation: You are agile. (Dex +4, Str/Int -1) [Xom's
                  | mischief]
 49380 | Vaults:5 | Lost mutation: You are completely covered in iridescent
                  | scales. (AC +6) [Xom's mischief]
 49392 | Vaults:5 | XOM: noise
 49421 | Vaults:5 | XOM: polymorph rust devil -> ice devil
 49424 | Vaults:5 | XOM: chaos upgrade
 49426 | Vaults:5 | XOM: polymorph ice devil -> red devil
 49433 | Vaults:5 | XOM: enchant monster (bad)
 49434 | Vaults:5 | XOM: swap monsters
 49485 | Vaults:5 | Identified the +6 hand axe of Absolution {heavy, Will++}
 49489 | Vaults:5 | XOM: give mutations
 49489 | Vaults:5 | Lost mutation: Your spells are much harder to cast, but
                  | much more powerful. [Xom's mischief]
 49489 | Vaults:5 | Lost mutation: You are partially covered in large bone
                  | plates. (SH +4) [Xom's mischief]
 49561 | Vaults:5 | XOM: noise
 49570 | Vaults:5 | XOM: give mutations
 49570 | Vaults:5 | Lost mutation: Your movements are slightly less encumbered
                  | by armour. (ER -2) [Xom's mischief]
 49570 | Vaults:5 | Lost mutation: You have a pair of large horns on your head.
                  | [Xom's mischief]
 49570 | Vaults:5 | Lost mutation: You have a pair of horns on your head.
                  | [Xom's mischief]
 49570 | Vaults:5 | Lost mutation: You are mostly covered in iridescent scales.
                  | (AC +4) [Xom's mischief]
 49624 | Vaults:5 | Identified the amulet of Twilight {Faith Stlth+}
 49625 | Vaults:5 | Reached XP level 26. HP: 188/188 MP: 23/23
 49720 | Vaults:5 | XOM: give mutations
 49720 | Vaults:5 | Gained mutation: Your magical capacity is low. (-10% MP)
                  | [Xom's mischief]
 49720 | Vaults:5 | Gained mutation: You occasionally lose the ability to read
                  | scrolls when taking damage. [Xom's mischief]
 49738 | Vaults:5 | XOM: summons 4 hostile demons
 49740 | Vaults:5 | Identified the ring of the Skies Above {AC+4 Stlth+}
 49802 | Vaults:5 | XOM: polymorph vault sentinel -> yak
 49819 | Vaults:5 | XOM: noise
 49829 | Vaults:5 | XOM: divination: detect items
 49903 | Vaults:5 | Noticed Boris
 49917 | Vaults:5 | Killed Boris
 50075 | Vaults:5 | Identified the +1 long sword "Minemira" {venom, +Blink
                  | rCorr Dex+3 Stlth-}
 50083 | Vaults:5 | XOM: fake destruction
 50085 | Vaults:5 | XOM: destruction
 50091 | Vaults:5 | XOM: polymorph ironbound preserver -> glowing shapeshifter
 50147 | Vaults:5 | Found Esulan's Weapon Boutique.
 50173 | Vaults:5 | Identified the +8 spear "Ohosmef" {vamp, rF++ rN+}
 50238 | Vaults:5 | XOM: give mutations
 50238 | Vaults:5 | Lost mutation: You occasionally lose the ability to read
                  | scrolls when taking damage. [Xom's mischief]
 50238 | Vaults:5 | Lost mutation: You have large cloven feet. [Xom's mischief]
 50238 | Vaults:5 | Gained mutation: Your muscles are very strong. (Str +8,
                  | Int/Dex -2) [Xom's mischief]
 50303 | Vaults:5 | Identified the +1 helmet "Zosoenei" {rPois}
 50351 | Vaults:5 | Identified the ring of Bugamuym {Ice Dex+6}
 51071 | Depths:3 | XOM: polymorph tengu conjurer -> fire crab
 51073 | Depths:3 | XOM: cleaving
 51123 | Depths:2 | XOM: polymorph hell knight -> anaconda
 51131 | Depths:3 | XOM: divination: detect creatures
 51152 | Depths:3 | XOM: divination: magic mapping
 51172 | Depths:3 | XOM: cast spell 'Summon Small Mammal'
 51174 | Depths:3 | XOM: confuse monster(s)
 51179 | Depths:3 | XOM: noise
 51186 | Depths:3 | XOM: divination: magic mapping
 51187 | Depths:3 | XOM: divination: detect creatures
 51207 | Depths:3 | XOM: summons friendly ufetubus
 51499 | Depths:3 | XOM: potion effect (might)
 52025 | Depths:4 | Entered Level 4 of the Depths
 52138 | Depths:4 | XOM: enchant monster (bad)
 52140 | Depths:4 | XOM: noise
 52161 | Depths:4 | XOM: cast spell 'Summon Small Mammal'
 52246 | Depths:4 | XOM: noise
 52351 | Depths:4 | Found a gate to the Realm of Zot.
 52459 | Depths:4 | Noticed a juggernaut
 52474 | Depths:3 | Killed a juggernaut
 52516 | Depths:3 | XOM: give mutation
 52516 | Depths:3 | Lost mutation: Your magical capacity is low. (-10% MP)
                  | [Xom's mischief]
 52528 | Depths:4 | XOM: silly message
 52534 | Depths:4 | XOM: cast spell 'Monstrous Menagerie'
 52587 | Depths:4 | Found a one-way gateway to a ziggurat.
 52602 | Depths:4 | XOM: give mutations
 52602 | Depths:4 | Gained mutation: Potions are less effective at restoring
                  | your health. [Xom's mischief]
 52602 | Depths:4 | Lost mutation: Your muscles are very strong. (Str +8,
                  | Int/Dex -2) [Xom's mischief]
 52602 | Depths:4 | Lost mutation: Your flesh is cold resistant. (rC+) [Xom's
                  | mischief]
 52698 | Depths:4 | XOM: enchant monster (bad)
 52711 | Depths:4 | XOM: 3-stop teleportation journey
 52734 | Depths:4 | Reached XP level 27. HP: 161/196 MP: 23/23
 52769 | Depths:4 | XOM: polymorph sun demon -> soul eater
 52783 | Depths:4 | XOM: enchant monster (good)
 52785 | Depths:4 | XOM: noise
 52789 | Depths:4 | XOM: potion effect (haste)
 52808 | Depths:4 | XOM: give mutations
 52808 | Depths:4 | Lost mutation: You have a pair of small horns on your head.
                  | [Xom's mischief]
 52808 | Depths:4 | Gained mutation: Armour fits poorly on your strangely
                  | shaped body. [Xom's mischief]
 52837 | Depths:4 | XOM: destruction
 52859 | Depths:4 | Lost mutation: Your spells are harder to cast, but more
                  | powerful. [potion of mutation]
 52859 | Depths:4 | Lost mutation: You expend magic power (3 MP) to strengthen
                  | your wands. [potion of mutation]
 52859 | Depths:4 | Lost mutation: Your spells are a little harder to cast, but
                  | a little more powerful. [potion of mutation]
 52860 | Depths:4 | Lost mutation: You are partially covered in iridescent
                  | scales. (AC +2) [potion of mutation]
 52860 | Depths:4 | Gained mutation: You have a somewhat thin skeletal
                  | structure. (Dex +2, Stealth+) [potion of mutation]
 52861 | Depths:4 | Lost mutation: You are somewhat resistant to both further
                  | mutation and mutation removal. [potion of mutation]
 52861 | Depths:4 | Lost mutation: Armour fits poorly on your strangely shaped
                  | body. [potion of mutation]
 53054 | Depths:4 | Identified the ring "Luhor" {Ice Dex+6 SInv}
 53056 | Depths:4 | XOM: summons friendly quasit
 53129 | Depths:4 | XOM: 8-stop teleportation journey
 53164 | Depths:4 | XOM: divination: detect items
 53194 | Depths:4 | XOM: 1-stop teleportation journey
 53370 | Depths:4 | XOM: scenery: create altars
 53454 | Zot:1    | Entered Level 1 of the Realm of Zot
 53460 | Zot:1    | XOM: silly message
 53483 | Zot:1    | XOM: polymorph black draconian knight -> fenstrider witch
 53513 | Zot:1    | XOM: enchant monster (good)
 53521 | Zot:1    | XOM: potion effect (might)
 53532 | Zot:1    | XOM: chaos upgrade
 53686 | Zot:1    | XOM: god gift: +1 heavy broad axe
 53797 | Zot:1    | XOM: summons friendly neqoxec
 53848 | Zot:1    | XOM: divination: magic mapping
 53921 | Zot:1    | XOM: fog
 54061 | Depths:1 | XOM: scenery: create altars
 54950 | Zot:2    | XOM: enchant monster (good)
 54951 | Zot:2    | XOM: summons 2 friendly demons
 54954 | Zot:2    | XOM: potion effect (berserk rage)
 54956 | Zot:2    | Reached skill level 27 in Armour
 55066 | Zot:2    | XOM: polymorph ghost moth -> catoblepas
 55068 | Zot:2    | You are sucked into a shaft and drop 2 floors!
 55077 | Zot:4    | XOM: chaos cloud
 55097 | Zot:4    | XOM: scenery: summon butterflies
 55103 | Zot:4    | XOM: silly message
 55157 | Zot:4    | XOM: cast spell 'Summon Dragon'
 55182 | Zot:4    | XOM: cloud trail
 55437 | Zot:4    | XOM: cast spell 'Cause Fear'
 55441 | Zot:4    | XOM: cast spell 'Call Canine Familiar'
 55458 | Zot:4    | XOM: confuse monster(s)
 55530 | Zot:4    | Found a transporter.
 55836 | Zot:4    | Found a transporter.
 56425 | Zot:4    | XOM: god gift: potion of magic
 56531 | Zot:3    | XOM: cleaving
 56743 | Zot:3    | XOM: summons 3 friendly demons
 56847 | Zot:3    | XOM: swap monsters
 56872 | Zot:3    | XOM: silly message
 56899 | Zot:3    | XOM: give mutation
 56899 | Zot:3    | Lost mutation: You possess an exceptional clarity of mind.
                  | [Xom's mischief]
 57083 | Zot:3    | XOM: polymorph wandering mushroom -> oklob plant
 57133 | Zot:3    | XOM: cleaving
 57136 | Zot:3    | XOM: summons 3 friendly demons
 57376 | Zot:2    | XOM: divination: detect creatures
 57383 | Zot:2    | XOM: cast spell 'Summon Dragon'
 57386 | Zot:2    | Noticed an orb of fire
 57576 | Zot:2    | Killed an orb of fire
 57671 | Zot:2    | XOM: summons friendly white imp
 57985 | Zot:2    | Identified the ring of the Messenger {Ice Str-3 Dex+5}
 57985 | Zot:2    | Noticed Josephina
 58002 | Zot:2    | Killed Josephina
 58003 | Zot:2    | XOM: scenery: 3 doors close
 58005 | Zot:2    | Reached skill level 15 in Evocations
 58094 | Zot:2    | XOM: give mutations
 58094 | Zot:2    | Lost mutation: You are somewhat resistant to further
                  | mutation. [Xom's mischief]
 58094 | Zot:2    | Gained mutation: You have hidden genetic potential. [Xom's
                  | mischief]
 58094 | Zot:2    | Lost mutation: Your muscles are strong. (Str +4, Int/Dex
                  | -1) [Xom's mischief]
 58422 | Zot:4    | Reached skill level 27 in Fighting
 58422 | Zot:4    | XOM: summons 5 friendly demons
 58427 | Zot:4    | XOM: potion effect (haste)
 58508 | Zot:4    | Identified the +6 broad axe of Resumed Hostilities
                  | {protect, Fly SInv}
 58510 | Zot:4    | Identified the ring of Hoivud {rF+ rC- Int+7 SInv}
 58520 | Zot:4    | Identified the ring of Diqess {Wiz rPois Will+ Dex-5}
 58576 | Zot:5    | Entered Level 5 of the Realm of Zot
 58600 | Zot:5    | XOM: divination: magic mapping
 58603 | Zot:5    | XOM: fog
 58632 | Zot:4    | XOM: enchant monster (good)
 58737 | Zot:5    | XOM: god gift: +2 dagger of chaos
 58753 | Zot:5    | XOM: summons 2 friendly demons
 58756 | Zot:5    | XOM: cast spell 'Metabolic Englaciation'
 58825 | Zot:5    | XOM: enchant monster (bad)
 58840 | Zot:5    | XOM: chaos upgrade
 58876 | Zot:5    | XOM: noise
 58882 | Zot:5    | XOM: potion effect (invisibility)
 58890 | Zot:5    | XOM: silly message
 58891 | Zot:5    | XOM: potion effect (brilliance)
 58917 | Zot:5    | Noticed an ancient lich
 58919 | Zot:5    | XOM: silly message
 58920 | Zot:5    | Noticed an ancient lich
 58922 | Zot:5    | Noticed an ancient lich
 58923 | Zot:5    | Noticed an orb of fire
 58927 | Zot:5    | Killed an ancient lich
 58930 | Zot:5    | Noticed a dread lich
 58938 | Zot:5    | XOM: cast spell 'Leda's Liquefaction'
 58942 | Zot:5    | XOM: scenery: summon butterflies
 58947 | Zot:5    | Killed an ancient lich
 58958 | Zot:5    | Killed an ancient lich
 58968 | Zot:5    | Gained mutation: Your magical capacity is low. (-10% MP)
                  | [an orb of fire]
 58973 | Zot:5    | Killed an orb of fire
 58977 | Zot:5    | Killed a dread lich
 59032 | Zot:5    | Noticed an orb of fire
 59032 | Zot:5    | Noticed an orb of fire
 59032 | Zot:5    | Noticed an orb of fire
 59032 | Zot:5    | Noticed a dread lich
 59032 | Zot:5    | XOM: 2-stop teleportation journey
 59032 | Zot:5    | Noticed an orb of fire
 59033 | Zot:5    | Noticed an ancient lich
 59033 | Zot:5    | Gained mutation: You are vulnerable to heat. (rF-) [an orb
                  | of fire]
 59213 | Zot:4    | Lost mutation: Your magical capacity is low. (-10% MP)
                  | [potion of mutation]
 59213 | Zot:4    | Lost mutation: You have a somewhat thin skeletal structure.
                  | (Dex +2, Stealth+) [potion of mutation]
 59213 | Zot:4    | Gained mutation: You are very vulnerable to heat. (rF--)
                  | [potion of mutation]
 59214 | Zot:4    | Lost mutation: Potions are less effective at restoring your
                  | health. [potion of mutation]
 59214 | Zot:4    | Lost mutation: You have hidden genetic potential. [potion
                  | of mutation]
 59214 | Zot:4    | Lost mutation: You are very vulnerable to heat. (rF--)
                  | [potion of mutation]
 59214 | Zot:4    | Gained mutation: You are weak. (Str -2) [potion of
                  | mutation]
 59214 | Zot:4    | Gained mutation: You are partially covered in iridescent
                  | scales. (AC +2) [potion of mutation]
 59215 | Zot:4    | Lost mutation: You are weak. (Str -2) [potion of mutation]
 59215 | Zot:4    | Lost mutation: You are vulnerable to heat. (rF-) [potion of
                  | mutation]
 59215 | Zot:4    | Lost mutation: You are partially covered in iridescent
                  | scales. (AC +2) [potion of mutation]
 59215 | Zot:4    | Gained mutation: You are strong-willed. (Will+) [potion of
                  | mutation]
 59215 | Zot:4    | Gained mutation: Your muscles are strong. (Str +4, Int/Dex
                  | -1) [potion of mutation]
 59215 | Zot:4    | Gained mutation: You are highly strong-willed. (Will++)
                  | [potion of mutation]
 59373 | Depths:3 | XOM: silly message
 59485 | D:15     | XOM: scenery: summon butterflies
 59726 | Elf:1    | Bought the ring of Shadows {Umbra +Inv Stlth+} for 400 gold
                  | pieces
 59726 | Elf:1    | Found the ring of Shadows {Umbra +Inv Stlth+}
 59732 | Elf:1    | Bought the brooch of Shielding {Spirit SH+8} for 1300 gold
                  | pieces
 59732 | Elf:1    | Found the brooch of Shielding {Spirit SH+8}
 59801 | Elf:2    | XOM: confusion (+ monsters)
 59844 | Elf:2    | XOM: stat loss: -1 Dex (8/9)
 59849 | Elf:2    | XOM: summons 4 hostile shadow creatures
 59855 | Elf:2    | Paralysed by an air elemental for 1 turns
 59861 | Elf:2    | XOM: blink monster(s)
 60030 | Elf:2    | XOM: chaos upgrade
 60110 | Elf:2    | XOM: polymorph deep elf blademaster -> dire elephant
 60112 | Elf:2    | XOM: scenery: create altars
 60399 | Elf:3    | XOM: cleaving
 60449 | Elf:3    | XOM: summons 16 friendly demons
 60565 | Elf:3    | Identified the ring "Bicaucoxu" {rF+ Will+ rCorr EV+5}
 60790 | Elf:3    | XOM: summons 3 friendly demons
 60824 | Elf:3    | Identified the amulet of Untruth {Acrobat Fly}
 60994 | Elf:3    | Got the Guide on Orientation
 60999 | Elf:3    | Identified the ring of the Everdark {Fire Str+4}
 61025 | Elf:3    | Identified the +0 scale mail of Uskayaw, Bespelling {rF-
                  | rC+ Int-5 Dex+9}
 61095 | Elf:3    | Identified the +7 hand crossbow "Hosojyfa" {heavy, rC-
                  | rN+++ Str+4 SInv}
 61122 | Elf:3    | XOM: 6-stop teleportation journey
 61694 | Zot:5    | XOM: fog
 61696 | Zot:5    | XOM: summons friendly shadow imp
 61697 | Zot:5    | XOM: confuse monster(s)
 61752 | Zot:5    | Gained mutation: You occasionally lose the ability to drink
                  | potions when taking damage. [an orb of fire]
 61760 | Zot:5    | XOM: destruction
 61766 | Zot:5    | Gained mutation: You are clumsy. (Dex -2) [an orb of fire]
 61768 | Zot:5    | Killed a dread lich
 61768 | Zot:5    | Gained mutation: You sometimes lose the ability to drink
                  | potions when taking damage. [an orb of fire]
 61770 | Zot:5    | Gained mutation: You are dopey. (Int -2) [an orb of fire]
 61780 | Zot:5    | Reached skill level 27 in Shields
 61799 | Zot:5    | XOM: enchant monster (good)
 61803 | Zot:5    | Killed an orb of fire
 61804 | Zot:5    | Gained mutation: You have a pair of small antennae on your
                  | head. [an orb of fire]
 61810 | Zot:5    | Killed an orb of fire
 61813 | Zot:5    | XOM: cast spell 'Alistair's Intoxication'
 61819 | Zot:5    | Killed an orb of fire
 61917 | Zot:4    | XOM: noise
 62467 | Zot:5    | XOM: scenery: create altars
 62506 | Zot:5    | Killed an ancient lich
 62524 | Zot:5    | XOM: divine lightning
 62545 | Zot:5    | XOM: enchant monster (bad)
 62549 | Zot:5    | XOM: summons 6 hostile demons
 62561 | Zot:5    | Gained mutation: You occasionally lose the ability to read
                  | scrolls when taking damage. [an orb of fire]
 62566 | Zot:5    | XOM: chaos cloud
 62571 | Zot:5    | Killed an orb of fire
 62575 | Zot:5    | XOM: noise
 62579 | Zot:5    | XOM: confusion
 62622 | Zot:5    | XOM: summons friendly ufetubus
 62626 | Zot:5    | XOM: divination: detect items
 62657 | Zot:5    | XOM: enchant monster (good)
 62669 | Zot:5    | XOM: divination: magic mapping
 62672 | Zot:5    | XOM: noise
 62721 | Zot:4    | XOM: give mutations
 62721 | Zot:4    | Lost mutation: You occasionally lose the ability to read
                  | scrolls when taking damage. [Xom's mischief]
 62721 | Zot:4    | Gained mutation: Armour fits poorly on your strangely
                  | shaped body. [Xom's mischief]
 62721 | Zot:4    | Lost mutation: You have a pair of small antennae on your
                  | head. [Xom's mischief]
 62721 | Zot:4    | Gained mutation: Your magical capacity is low. (-10% MP)
                  | [Xom's mischief]
 62876 | Zot:4    | Lost mutation: Your muscles are strong. (Str +4, Int/Dex
                  | -1) [potion of mutation]
 62876 | Zot:4    | Lost mutation: Armour fits poorly on your strangely shaped
                  | body. [potion of mutation]
 62876 | Zot:4    | Lost mutation: You are highly strong-willed. (Will++)
                  | [potion of mutation]
 62876 | Zot:4    | Gained mutation: You have a pair of small horns on your
                  | head. [potion of mutation]
 63122 | Zot:5    | XOM: confusion (+ monsters)
 63258 | Zot:5    | XOM: enchant monster (bad)
 63415 | Zot:5    | XOM: summons 2 hostile shadow creatures
 63901 | Zot:5    | Got the Orb of Zot
 63946 | Zot:4    | Noticed an ancient lich
 63963 | Zot:4    | Noticed Doarheag the pandemonium lord
 64043 | Depths:4 | XOM: god gift: 15 gold pieces
 64056 | Depths:4 | XOM: cloud trail
 64058 | Depths:4 | XOM: give mutation
 64058 | Depths:4 | Gained mutation: Your skin changes colour to match your
                  | surroundings (Stealth+). [Xom's grace]
 64077 | Depths:3 | Noticed Ruwesao the pandemonium lord
 64134 | Depths:1 | XOM: give mutations
 64134 | Depths:1 | Lost mutation: Your magical capacity is low. (-10% MP)
                  | [Xom's mischief]
 64134 | Depths:1 | Gained mutation: Armour fits poorly on your strangely
                  | shaped body. [Xom's mischief]
 64134 | Depths:1 | Gained mutation: You occasionally lose the ability to read
                  | scrolls when taking damage. [Xom's mischief]
 64204 | D:15     | Reached skill level 15 in Polearms
 64276 | D:11     | XOM: cleaving
 64471 | D:$      | Escaped with the Orb!

Illustrated notes

Levels and vault maps discovered:
D:1:      spicycebolla_arrival_xxxplode, layout_basic
D:2:      layout_loops_corners, hellmonk_ecumenical_altar_watching_god,
          basic_altar, minmay_pentomino_v2, uniq_natasha
D:3:      wad_pebble_path, layout_loops_corners,
          nicolae_gozag_cash_rules_everything_around_me,
          mainiacjoe_overflow_alcove_1, portal_sewer_entry_b, uniq_robin,
          uniq_sigmund
D:4:      layout_rooms, elyvilon_altar_4, uniq_edmund, uniq_blork_the_orc,
          uniq_grinder, uniq_crazy_yiuf_cottage
D:5:      layout_gridville
D:6:      layout_loops_cross, marbit_many_paths, minmay_temple_entry_tees,
          nrook_pool_corridor, kennysheep_generic_room_14
D:7:      layout_basic, ashenzari_altar_1, nicolae_uskayaw_suspiria,
          pdpol_wu_jian_five_deadly_venoms, serial_shops,
          nicolae_shop_statue_plus, uniq_maggie
D:8:      nicolae_cairo_tiling_large, layout_rooms, slow_altar_1,
          old_standard_altar
D:9:      layout_cave_pools, grunt_qazlal_clouds, enter_bailey_3,
          grunt_decor_junction, st_stairs_14, serial_park_tiny_1
D:10:     layout_basic, grunt_dithmenos_smoke, erik_lair_orcish_takeover,
          minmay_beelzebubs_servants
D:11:     layout_cave_pools, david_orc_4, lemuel_flame_loot_1, uniq_erica,
          uniq_psyche
D:12:     layout_basic, uniq_lodul
D:13:     layout_roguey, serial_rivers, chequers_serial_rivers_micro_c,
          chequers_serial_rivers_micro_a, chequers_serial_rivers_small_3,
          chequers_serial_rivers_large_b, chequers_serial_rivers_large_a,
          uniq_urug, uniq_snorg
D:14:     layout_loops_corners, lightli_vaults_fourway_checkpoint,
          gauntlet_entry_generic, okawaru_gym_becter,
          nicolae_ru_sacrificial_ziggurat
D:15:     grunt_enter_depths_snipers, layout_rooms, grunt_decor_fettered,
          fedhas_altar_4, uniq_louise, uniq_rupert
Lair:1:   layout_misc_corridors, lemuel_fruit_tree, wad_woods_river_01
Lair:2:   layout_regular_city, nicolae_swamp_entry_splash_gauntlet,
          guppyfry_snake_entry_garden, cheibrodos_lair_caveside_slide,
          chequers_serial_rivers_micro_a, nzn_masters_of_martial_movement
Lair:3:   layout_cave_pods, patterned_corridor, grunt_megastairs_1,
          serial_bayou_shore_a
Lair:4:   layout_hall_layers, slime_entry_1, basic_altar, lemuel_fruit_fields,
          serial_bayou_shore_b
Lair:5:   minmay_lair_end_frog_pond, layout_regular_city
Swamp:1:  layout_basic_swamp, hangedman_swamp_ruin_wall, swamp_pool2,
          infiniplex_staircase_pool_2
Swamp:2:  layout_basic_swamp, nicolae_swamp_triple_paths, uniq_nikola
Swamp:3:  layout_basic_swamp, nicolae_swamp_fairy_circle, swamp_pool3,
          nicolae_swamp_little_swirl
Swamp:4:  swamp_basic_johnstein, layout_basic_swamp, swamp_pool3,
          nicolae_swamp_drake_lake
Snake:1:  layout_cave_shapes, grunt_ministairs_5, serial_bayou_pond_e,
          drop_trap, nicolae_snake_gridmaze_swirls,
          nrook_guardian_serpent_ordinary, minmay_shop_star
Snake:2:  layout_rooms, nicolae_snake_gridmaze_squiggle, grunt_ministairs_2,
          grunt_megastairs_3
Snake:3:  layout_onion, nicolae_snake_boneroom, uniq_aizul
Snake:4:  hellmonk_snake_rune_quicksilver_temple, layout_cave_town
Orc:1:    layout_caves, serial_shops, shop_fountains,
          nicolae_shop_advertising_works [nicolae_subvault_shop_adworks],
          shop_statue, shop_statue
Orc:2:    st_orc_pillars, layout_caves, basic_altar, serial_shops, shop,
          nicolae_volcano_entry_hallway
Elf:1:    elf_arrival_001, layout_onion_city, evilmike_minifort,
          minmay_shop_grove
Elf:2:    nicolae_elf_blades_crystal_corner, layout_onion_city, evilmike_ambush
          [evilmike_ambush_outer_doors, evilmike_ambush_inner_basic],
          lemuel_elevator
Elf:3:    minmay_elf_hall_circle, layout_geoelf_grid
Vaults:1: portal_desolation_entry_ruin, vaults_room_corners,
          dpeg_vaults_monster_box, ontoclasm_vaults_fault,
          vaults_room_door_ring, v_misc_5, v_misc_11, v_alt_pattern_4,
          nicolae_vaults_diagonal_hallway_6, ontoclasm_vaults_fire_temple,
          grunt_vaults_hallway_short, ontoclasm_vaults_chip, vaults_room_fours,
          grunt_vaults_hallway_short, layout_vaults_omnicross
Vaults:2: nicolae_vaults_rhombus_6, vaults_mumra_chevron,
          hangedman_vaults_stitches, ontoclasm_vaults_spin,
          vaults_mumra_minichess, ontoclasm_vaults_shuriken,
          layout_vaults_omnigrid, dummy_crypt_entry
Vaults:3: infiniplex_enter_wizlab_glasses, grunt_vaults_twisty,
          nicolae_vaults_network_periphery, vaults_room_pools, v_misc_13,
          nicolae_vaults_little_squares_3, nicolae_vaults_network_quincunx
          [nicolae_vaults_network_quincunx_subvault,
          nicolae_vaults_network_quincunx_subvault,
          nicolae_vaults_network_quincunx_subvault,
          nicolae_vaults_network_quincunx_subvault,
          nicolae_vaults_network_quincunx_subvault], v_rooms_2,
          hangedman_vaults_river_flow, vaults_dpeg_encased_lava,
          hangedman_vaults_unwind, vaults_room_hangedman_quadrants,
          grunt_vaults_hallway_short, grunt_vaults_hallway_short,
          ontoclasm_vaults_loading_screen, vaults_room_semicircle,
          layout_vaults_maze, serial_shops, shop, serial_glass
Vaults:4: vaults_room_semicircle, v_misc_5, vaults_mumra_hexcomb,
          nicolae_vaults_network_quinsquares
          [nicolae_vaults_network_quincunx_subvault,
          nicolae_vaults_network_quincunx_subvault,
          nicolae_vaults_network_quincunx_subvault,
          nicolae_vaults_network_quincunx_subvault], v_misc_33,
          hangedman_vaults_locks, v_pattern_4, vaults_room_fancy_cross,
          nicolae_vaults_murderbox, ontoclasm_vaults_hangar,
          nicolae_vaults_shelves_hall, ontoclasm_vaults_misaligned,
          layout_vaults_omnibox
Vaults:5: uniq_boris
Crypt:1:  layout_catacombs
Crypt:2:  layout_basic, grunt_ministairs_12, minmay_misc_feat_columns
Crypt:3:  lightli_unholy_cathedral, layout_chaotic_city,
          tomb_entry_pyramid_bobbens, basic_altar, uniq_sojobo
Depths:1: layout_basic, pf_coc_iceberg, grunt_decor_cap, water_boxes_lemuel,
          serial_bayou_shore_b, uniq_bai_suzhen
Depths:2: evilmike_lava_path, layout_cave_pools, nicolae_trove_entry_crossroad,
          grunt_metal_band, serial_shops, nicolae_shop_waterfront,
          rand_demon_pan_entry_9, minmay_guarded_unrand_tortoise,
          minmay_staircase_bubble
Depths:3: minmay_skeleton_keep, layout_cave_pools,
          nicolae_abyss_entry_one_way_or_another, grunt_hell_entry_dis_grunt,
          infiniplex_staircase_star
Depths:4: evilmike_zot_entry_hall, layout_cave_shapes, enter_ziggurat_c,
          hellmouth_3, serial_bayou_pond_e, hangedman_abyss_or_decor_stagger
Zot:1:    kennysheep_room_grid, layout_basic
Zot:2:    lemuel_firehouse, layout_onion_interference, uniq_josephina
Zot:3:    layout_basic
Zot:4:    gammafunk_its_a_trap, layout_basic
Zot:5:    layout_basic, st_stairs_5

Skill      XL: |  1  2  3  4  5  6  7  8  9 10 11 12 13 14 15 16 17 18 19 20 21 22 23 24 25 26 27 |
---------------+----------------------------------------------------------------------------------+-----
Axes           | 3 4 5 7 8 9 11 12 13 14 | 14.0
Fighting       | 4 5 6 7 8 9 10 11 13 15 17 20 21 22 23 24 25 26 27 | 27.0
Dodging        | 1 2 3 4 9 10 11 14 | 14.0
Armour         | 4 5 7 9 10 11 13 17 19 20 21 22 23 24 25 26 27 | 27.0
Throwing       | 3 4 |  4.0
Evocations     | 2 4 6 8 10 12 13 14 16 | 16.0
Shields        | 6 9 10 13 15 17 18 21 27 | 27.0
Polearms       | 7 9 10 11 15 | 15.4

Action                     |  1- 3 |  4- 6 |  7- 9 | 10-12 | 13-15 | 16-18 | 19-21 | 22-24 | 25-27 || total
---------------------------+-------+-------+-------+-------+-------+-------+-------+-------+-------++-------
  Melee: Hand axe          |    60 |   291 |   231 |   447 |   516 |       |       |       |       ||  1545
         Punch             |       |     1 |       |     3 |       |       |       |       |       ||     4
         Headbutt          |       |       |       |    43 |   206 |    89 |   348 |   684 |   506 ||  1876
         Flail             |       |       |       |       |     9 |       |       |       |       ||     9
         Trishula          |       |       |       |       |   443 |   526 |  2023 |  2339 |  3722 ||  9053
         Whip              |       |       |       |       |       |       |    42 |       |       ||    42
         Unarmed           |       |       |       |       |       |       |       |       |     3 ||     3
  Throw: Javelin           |     4 |       |       |     1 |       |       |     2 |       |     9 ||    16
         Dart              |       |       |     6 |     7 |     6 |       |     5 |       |       ||    24
  Evoke: Wand              |       |     2 |     1 |       |     7 |       |       |     1 |    10 ||    21
         Phial of floods   |       |       |       |       |     2 |       |     1 |     1 |     1 ||     5
         Tin of tremorston |       |       |       |       |     2 |     2 |     7 |     2 |    10 ||    23
         Phantom mirror    |       |       |       |       |     1 |       |     1 |     1 |     7 ||    10
         Piece from Xom's  |       |       |       |       |       |     2 |     1 |     1 |       ||     4
         Condenser vane    |       |       |       |       |       |       |     5 |     4 |    11 ||    20
    Use: Potion            |     5 |     1 |       |     1 |     4 |     3 |     6 |     3 |    24 ||    47
         Scroll            |     1 |     5 |     7 |    12 |    14 |     4 |     6 |     4 |    14 ||    67
   Stab: Paralysed         |     1 |       |       |       |     2 |     2 |       |       |     7 ||    12
         Invisible         |     1 |       |       |       |       |       |       |       |     5 ||     6
         Petrified         |       |     4 |       |       |       |       |     3 |    10 |       ||    17
         Petrifying        |       |     1 |       |       |       |       |       |     1 |       ||     2
         Distracted        |       |       |       |     2 |     7 |       |     2 |     1 |     8 ||    20
         Confused          |       |       |       |       |     2 |       |     4 |     3 |     1 ||    10
 Armour: Leather armour    |    38 |   126 |       |       |       |       |       |       |       ||   164
         Plate armour      |       |       |   150 |   314 |   427 |   369 |  1437 |  1110 |       ||  3807
         Gold dragon scale |       |       |       |       |       |       |       |    69 |  1660 ||  1729
         Skin              |       |       |       |       |       |       |       |       |     3 ||     3
  Dodge: Dodged            |    37 |   178 |    69 |   143 |   222 |   131 |   447 |   570 |   670 ||  2467
  Block: Kite shield       |       |       |       |     1 |   260 |       |       |       |       ||   261
         Buckler           |       |       |       |       |    49 |   125 |       |       |       ||   174
         Tower shield      |       |       |       |       |       |    16 |  1866 |  2274 |  2772 ||  6928

Table legend: (Time is in decaauts)
 A = Elapsed time spent in this place.
 B = Non-inter-level travel time spent in this place.
 C = Inter-level travel time spent in this place.
 D = Time resting spent in this place.
 E = Time spent auto-exploring this place.
 F = Levels seen in this place.
 G = Mean time per level.
                   A        B        C        D        E       F      G
               +--------+--------+--------+--------+--------+-----+--------+
         Total |  62145 |  55481 |   6664 |   4893 |  33695 |  58 | 1071.5 |
       Dungeon |  14193 |  11999 |   2194 |    527 |   8760 |  15 |  946.2 |
          Lair |   5582 |   4925 |    657 |    228 |   3792 |   5 | 1116.4 |
         Swamp |   3209 |   3044 |    165 |    329 |   1660 |   4 |  802.2 |
     Snake Pit |   5164 |   4757 |    407 |    478 |   2712 |   4 | 1291.0 |
  Orcish Mines |   2274 |   1758 |    516 |    194 |   1163 |   2 | 1137.0 |
   Elven Halls |   4378 |   3938 |    440 |    311 |   2269 |   3 | 1459.3 |
        Vaults |   7652 |   7015 |    637 |    196 |   4210 |   5 | 1530.4 |
         Crypt |   3231 |   3133 |     98 |    344 |   1843 |   3 | 1077.0 |
        Depths |   5338 |   4457 |    881 |    368 |   2561 |   4 | 1334.5 |
           Zot |   7179 |   6514 |    665 |   1592 |   3010 |   5 | 1435.8 |
         Abyss |    149 |    149 |      0 |      9 |     32 |   2 |   74.5 |
         Sewer |    987 |    987 |      0 |    121 |    481 |   1 |  987.0 |
        Bailey |    359 |    359 |      0 |    131 |    111 |   1 |  359.0 |
       Volcano |    464 |    464 |      0 |     12 |    274 |   1 |  464.0 |
        Wizlab |    595 |    595 |      0 |      5 |    288 |   1 |  595.0 |
    Desolation |    939 |    939 |      0 |     44 |    306 |   1 |  939.0 |
      Gauntlet |    442 |    442 |      0 |      0 |    219 |   1 |  442.0 |
               +--------+--------+--------+--------+--------+-----+--------+

Top non-repeatable levels by time:
   Zot:4: 2301 daAuts
   Zot:5: 1910 daAuts
Vaults:3: 1800 daAuts
   Elf:1: 1685 daAuts
Depths:1: 1632 daAuts
 Snake:3: 1602 daAuts
Vaults:5: 1595 daAuts
Vaults:2: 1533 daAuts
    D:10: 1514 daAuts
 Crypt:3: 1508 daAuts
   Elf:3: 1469 daAuts
   Orc:2: 1453 daAuts
Depths:4: 1410 daAuts
Vaults:4: 1408 daAuts
    D:14: 1365 daAuts
